 Dungeon Crawl Stone Soup version 0.31-a0-507-gbafd7f5274 (webtiles) character file.

Game seed: 4745381186852804997

552473 Xavori the Severer (level 26, -17/161 HPs)
             Began as a Vine Stalker Chaos Knight on Aug 9, 2023.
             Was a Favourite Plaything of Xom.
             Killed from afar by a quicksilver dragon (29 damage)
             ... with a bolt of dispelling energy
             ... on level 4 of the Realm of Zot on Aug 10, 2023.
             The game lasted 01:29:32 (62541 turns).

Xavori the Severer (Vine Stalker Chaos Knight)     Turns: 62541, Time: 01:29:33

Health: -17/161    AC: 44    Str: 26    XL:     26   Next: 36%
Magic:  0/47       EV: 11    Int:  8    God:    Xom [..*...]
Gold:   4697       SH: 31    Dex: 27    Spells: 53/53 levels left

rFire   + + .        P - +8 mithril axe "Arga" {speed, Will+}
rCold   + + .        E - +6 tower shield of the Gate {rN+}
rNeg    + . .        m - +9 gold dragon scales
rPois   +            (helmet restricted)
rElec   +            q - +1 cloak {rPois}
rCorr   +            Y - +1 pair of gloves {Dex+3}
SInv    +            R - +3 pair of seven-league boots {Rampage+∞}
Will    +++++        n - amulet of reflection Stlth
                     r - ring "Irhes" {rElec rF+ MP+9}
HPRegen 1.26/turn    Z - ring "Joza" {rCorr Dex+3 Slay+2 Stlth+}
MPRegen 0.30/turn

%: reflection, clarity, guardian spirit, rampage+∞
@: no status effects
A: fangs 3, regeneration 1, magic shield, antimagic bite, no potion heal 2,
antennae 1, talons 1, iridescent scales 2, see invisible, agile 1, clarity, cold
resistance 1, deterioration 1, dopey 1, low MP 1, strong-willed 1, mutation
resistance 1, robust 1, strong 1, sturdy frame 1
}: 3/15 runes: decaying, silver, gossamer
a: Renounce Religion


You were on level 4 of the Realm of Zot.
You worshipped Xom.
You were a toy of Xom.
You visited 10 branches of the dungeon, and saw 49 of its levels.
You visited the Abyss 1 time.
You also visited: Bailey and Ice Cave.

You collected 9578 gold pieces.
You spent 4881 gold pieces at shops.

Inventory:

Hand Weapons
 C - a +9 sacred scourge of holy wrath
 P - the +8 mithril axe "Arga" (weapon) {speed, Will+}
   (You bought it in a shop on level 12 of the Dungeon)

   Will+:     It increases your willpower.
Armour
 h - a +1 buckler of protection
 m - +9 gold dragon scales (worn)
 q - a +1 cloak of poison resistance (worn)
 w - the +3 helmet of Ichooss {rN+ Regen+ Dex+4}
   (You bought it in a shop on level 2 of the Vaults)

   Dex+4:     It affects your dexterity (+4).
   rN+:       It protects you from negative energy.
   Regen+:    It increases your rate of health regeneration.
 E - the +6 tower shield of the Gate (worn) {rN+}
   (You took it off Mennas on level 3 of the Crypt)

   rN+:       It protects you from negative energy.
 R - the +3 pair of seven-league boots (worn) {Rampage+∞}
   (You found it on level 13 of the Dungeon)

   Rampage+∞: When moving toward enemies, its wearer moves as far as possible,
   alerting their target en route.
 U - a +2 hat
 Y - a +1 pair of gloves of dexterity (worn)
Jewellery
 c - an amulet of magic regeneration
 j - an amulet of regeneration
 n - an amulet of reflection (around neck)
 r - the ring "Irhes" (left hand) {rElec rF+ MP+9}
   (You bought it in a shop on level 4 of the Depths)

   [ring of magical power]

   rF+:       It protects you from fire.
   rElec:     It insulates you from electricity.
   MP+9:      It affects your magic capacity (+9).
 H - a +4 ring of slaying
 L - the ring "Voloc" {rC+ Will+ rCorr Str+4 Int-2}
   (You found it on level 3 of the Crypt)

   [ring of resist corrosion]

   Str+4:     It affects your strength (+4).
   Int-2:     It affects your intelligence (-2).
   rC+:       It protects you from cold.
   Will+:     It increases your willpower.
   rCorr:     It protects you from acid and corrosion.
 S - a ring of wizardry
 W - a ring of willpower
 X - the ring "Fant" {rCorr Str+5 Dex+6}
   (You found it in an ice cave)

   [ring of dexterity]

   Str+5:     It affects your strength (+5).
   Dex+6:     It affects your dexterity (+6).
   rCorr:     It protects you from acid and corrosion.
 Z - the ring "Joza" (right hand) {rCorr Dex+3 Slay+2 Stlth+}
   (You took it off a deep elf annihilator on level 3 of the Elven Halls)

   [ring of resist corrosion]

   Dex+3:     It affects your dexterity (+3).
   Slay+2:    It affects your accuracy & damage with ranged weapons and melee
   (+2).
   rCorr:     It protects you from acid and corrosion.
   Stlth+:    It makes you more stealthy.
Talismans
 x - a talisman of death
 F - a serpent talisman
Wands
 b - a wand of paralysis (42)
 d - a wand of mindburst (58)
 u - a wand of flame (90)
 B - a wand of roots (56)
 J - a wand of polymorph (19)
 N - a wand of quicksilver (14)
Scrolls
 a - 2 scrolls of blinking
 e - 23 scrolls of teleportation
 g - 4 scrolls of revelation
 i - 5 scrolls of fear
 k - 6 scrolls of fog
 t - 13 scrolls of immolation
 v - 3 scrolls of amnesia
 y - 2 scrolls of butterflies
 K - 5 scrolls of poison
 T - 3 scrolls of enchant weapon
 V - 4 scrolls of silence
Potions
 f - 22 potions of curing
 l - 7 potions of might
 o - 4 potions of resistance
 s - 18 potions of ambrosia
 z - 6 potions of mutation
 A - 3 potions of cancellation
 D - 3 potions of invisibility
 G - 11 potions of enlightenment
 I - 5 potions of haste
 M - 2 potions of magic
 O - 6 potions of brilliance
 Q - 4 potions of berserk rage
Miscellaneous
 p - a lightning rod (4/4)


   Skills:
 - Level 17.7 Fighting
 - Level 6.7 Long Blades
 - Level 20.9(22.7) Axes
 * Level 6.5(15.1) Maces & Flails
 - Level 14.5(19.4) Polearms
 + Level 17.2 Armour
 + Level 7.3 Dodging
 - Level 10.8 Stealth
 - Level 11.5 Shields
 - Level 14.1 Spellcasting
 + Level 1.6 Evocations
 * Level 11.9 Shapeshifting


You had 53 spell levels left.
You didn't know any spells.
Your spell library contained the following spells:

 Spells                   Type           Power      Damage    Failure   Level
 Apportation              Tloc           10%        N/A       98%         1
 Magic Dart               Conj           20%        1d4       98%         1
 Shock                    Conj/Air       20%        1d4       98%         1
 Slow                     Hex            20%        N/A       98%         1
 Sting                    Tmut/Pois      20%        1d4       98%         1
 Blink                    Tloc           10%        N/A       99%         2
 Ensorcelled Hibernation  Hex/Ice        10%        N/A       99%         2
 Lesser Beckoning         Tloc           10%        N/A       99%         2
 Momentum Strike          Conj/Tloc      10%        3d8       99%         2
 Passwall                 Tmut/Erth      4%         N/A       99%         2
 Poisonous Vapours        Pois/Air       10%        N/A       99%         2
 Searing Ray              Conj           10%        2d4       99%         2
 Sublimation of Blood     Necr           5%         N/A       99%         2
 Wereblood                Tmut           5%         N/A       99%         2
 Call Canine Familiar     Summ           5%         N/A       100%        3
 Confusing Touch          Hex            5%         N/A       100%        3
 Frozen Ramparts          Ice            10%        1d2       100%        3
 Gell's Gravitas          Tloc           5%         N/A       100%        3
 Hailstorm                Conj/Ice       5%         3d4       100%        3
 Portal Projectile        Hex/Tloc       10%        N/A       100%        3
 Swiftness                Air            5%         N/A       100%        3
 Teleport Other           Tloc           5%         N/A       100%        3
 Tukima's Dance           Hex            5%         N/A       100%        3
 Vampiric Draining        Necr           5%         2d6       100%        3
 Airstrike                Air            2%         2d(1-17)  100%        4
 Animate Dead             Necr           5%         N/A       100%        4
 Cause Fear               Hex            2%         N/A       100%        4
 Fulminant Prism          Conj/Hex       2%         3d5       100%        4
 Iskenderun's Mystic Bla  Conj/Tloc      5%         2d3       100%        4
 Leda's Liquefaction      Hex/Erth       2%         N/A       100%        4
 Olgreb's Toxic Radiance  Pois           5%         N/A       100%        4
 Petrify                  Tmut/Erth      5%         N/A       100%        4
 Summon Ice Beast         Ice/Summ       5%         N/A       100%        4
 Borgnjor's Vile Clutch   Necr/Erth      2%         N/A       100%        5
 Fireball                 Conj/Fire      2%         3d4       100%        5
 Irradiate                Conj/Tmut      2%         3d12      100%        5
 Iskenderun's Battlesphe  Conj           5%         2d6       100%        5
 Metabolic Englaciation   Hex/Ice        2%         N/A       100%        5
 Summon Mana Viper        Hex/Summ       5%         N/A       100%        5
 Conjure Ball Lightning   Conj/Air       2%         3x3d6     100%        6
 Death Channel            Necr           2%         N/A       100%        6
 Dispersal                Tloc           2%         N/A       100%        6
 Leda's Unmaking          Conj/Erth      2%         9d1       100%        6
 Simulacrum               Ice/Necr       2%         N/A       100%        6
 Summon Cactus Giant      Summ           2%         N/A       100%        6
 Haunt                    Necr/Summ      2%         N/A       100%        7
 Malign Gateway           Summ/Tloc      2%         N/A       100%        7
 Monstrous Menagerie      Summ           2%         N/A       100%        7
 Orb of Destruction       Conj           2%         9d5       100%        7
 Summon Hydra             Summ           2%         N/A       100%        7
 Borgnjor's Revivificati  Necr           2%         N/A       100%        8
 Infestation              Necr           2%         N/A       100%        8
 Death's Door             Necr           2%         N/A       100%        9
 Dragon's Call            Summ           2%         N/A       100%        9
 Fire Storm               Conj/Fire      2%         8d1       100%        9


Dungeon Overview and Level Annotations

Branches:
Dungeon (15/15)            Temple (0/1) D:5            Lair (5/5) D:9
  Swamp (4/4) Lair:3       Spider (4/4) Lair:2        Slime (0/5) Lair:4
    Orc (2/2) D:10            Elf (3/3) Orc:2        Vaults (5/5) D:13
  Crypt (3/3) Vaults:3       Tomb (0/3) Crypt:3      Depths (4/4) D:15
    Zot (4/5) Depths:4     Bailey (visited)           IceCv (visited)

Altars:
Cheibriados
Dithmenos
Elyvilon
Fedhas
Kikubaaqudgha
Makhleb
Ru
Uskayaw
Vehumet
Wu Jian
Xom
Jiyva

Shops:
D:12 (   Orc:2 (*(=!(!   Elf:3 (   Vaults:1 (:   Vaults:2 [[   Depths:1 =
Depths:4 ==(([

Portals:
Hell: Depths:2 Depths:3 Depths:4
Abyss: Depths:3
Pandemonium: Depths:1 Depths:2
Ziggurat: Depths:2

Annotations:
Depths:2 2 transporters, Ducleet's ghost, veteran MfMo
Zot:4 Grunn; Vv


Innate Abilities, Weirdness & Mutations

You have razor-sharp teeth.
Your natural rate of healing is unusually fast.
When hurt, damage is shared between your health and your magic reserves.
Your bite disrupts and absorbs the magic of your enemies.
Potions cannot restore your health.
You have a pair of small antennae on your head.
You have sharp toenails.
You are mostly covered in iridescent scales. (AC +4)
You have supernaturally acute eyesight. (SInv)
You are agile. (Dex +4, Str/Int -1)
You possess an exceptional clarity of mind.
Your flesh is cold resistant. (rC+)
Your body sometimes deteriorates upon taking damage.
You are dopey. (Int -2)
Your magical capacity is low. (-10% MP)
You are strong-willed. (Will+)
You are somewhat resistant to further mutation.
You are robust. (+10% HP)
Your muscles are strong. (Str +4, Int/Dex -1)
Your movements are slightly less encumbered by armour. (ER -2)


Message History

The death cob drains your vigour!
You feel yourself slow down. You block the death cob's attack. x4
Found a stone staircase leading up.
You block the death cob's attack.
The death cob hits you but does no damage. x2
You block the death cob's attack. x2
The death cob hits you but does no damage.
The death cob attacks as you move away! You block the death cob's attack. x2
The death cob hits you but does no damage.
The golden dragon breathes poison at you.
The blast of poison engulfs the death cob.
The death cob completely resists.
The death cob hits you!
* * * LOW HITPOINT WARNING * * *
Your surroundings suddenly seem different.
A quicksilver dragon comes into view.
The quicksilver dragon roars deafeningly!
You hear a bark!
You hear a roar! x3
A doom hound comes into view.
Grunn the Punished comes into view.
He is wielding a +5 glaive of draining.
A shadow dragon comes into view.
The quicksilver dragon breathes dispelling energy at you.
The bolt of dispelling energy hits you but does no damage.
Your magical effects are unravelling.
The doom hound moves out of view.
Unknown command.
You feel yourself speed up.
Xom guffaws.
You summon a manticore!
You are now a toy of Xom.
The shadow dragon breathes negative energy at you.
The bolt of negative energy hits your manticore!!!
Your manticore is drained!
Your manticore dies!
Your manticore's corpse disappears in a puff of smoke!
The quicksilver dragon breathes dispelling energy at you.
The bolt of dispelling energy hits you but does no damage.
You hear a roar! x2
The quicksilver dragon breathes dispelling energy at you.
The bolt of dispelling energy hits you!!
You die...
Xom giggles madly!

#...... ##).
......# ###..
...g..^......D†
..... ...<.#q.
##.D## ......#.
##....#
##..#.#.
#..#.#.#.
##.##q#
#.~~≈≈~~~
~~~≈≈≈
#@~≈~≈≈≈≈
≈≈≈≈≈≈
#.≈≈######
###### #.~≈#
#.~≈# #.~≈#
#.~≈# #.~≈#
#.~≈#


You could see Grunn and a quicksilver dragon (catching breath).

Vanquished Creatures
  A dread lich (Crypt:3)
  2 orbs of fire (Zot:3)
  Mara (Vaults:4)
  Mennas (Crypt:3)
  Bai Suzhen (Vaults:4)
  Frederick (Vaults:5)
  2 curse toes
  2 caustic shrikes
  Nikola (Swamp:2)
  the Enchantress (Depths:2)
  8 golden dragons
  A bone dragon (Abyss:2)
  4 electric golems
  Mlioglotl (Swamp:2)
  3 liches (Crypt:3)
  Rupert (D:12)
  Jorgrun (Swamp:1)
  14 tentacled monstrosities
  2 titans
  2 deep elf master archers (Elf:3)
  2 deep elf blademasters (Elf:3)
  5 quicksilver dragons
  Frances (D:12)
  10 ancient champions
  A sphinx (Vaults:4)
  6 storm dragons
  9 shadow dragons
  6 death cobs
  5 draconian monks
  3 tengu reavers
  A draconian knight (Zot:3)
  A fenstrider witch (Swamp:1)
  7 revenants
  5 emperor scorpions
  5 deep elf sorcerers
  An iron dragon (Vaults:5)
  8 fire giants
  20 vault wardens
  3 ghost moths
  4 deep elf elementalists (Elf:3)
  3 draconian scorchers
  Louise (Elf:2)
  A ghost moth (shapeshifter) (Vaults:5)
  6 frost giants
  A draconian shifter (Depths:4)
  5 ghouls (Crypt:3)
  4 curse skulls
  A broodmother (Depths:2)
  7 spriggan defenders
  5 draconian annihilators (Zot:3)
  2 orc warlords (Vaults:3)
  3 draconian stormcallers
  18 ironbound preservers
  8 stone giants
  5 ironbound thunderhulks
  5 war gargoyles
  4 formless jellyfish
  A juggernaut skeleton (Crypt:3)
  A reaper (Crypt:3)
  A starflower (Swamp:2)
  12 green draconians
  7 vampire knights
  14 very ugly things
  8 deep elf annihilators
  5 purple draconians
  6 black draconians
  4 eleionomae
  Nessos (Lair:5)
  4 bunyips
  5 deep elf demonologists
  18 dire elephants
  8 red draconians
  13 spark wasps
  A starcursed mass (Abyss:2)
  3 white draconians
  7 yellow draconians
  6 ettins
  An acid blob zombie (Crypt:3)
  11 deep elf death magi
  9 eidola
  6 jiangshi
  7 fire dragons
  2 blizzard demons (IceCv)
  7 great orbs of eyes
  8 entropy weavers
  4 deep elf high priests
  A crystal guardian (Vaults:1)
  8 ice dragons
  A peacekeeper (Vaults:1)
  34 vault guards
  7 yaktaur captains
  14 hydras
  A merfolk avatar (Lair:5)
  4 spriggan air magi
  6 ogre magi
  3 rakshasas
  6 ironbound frosthearts
  2 jorogumos
  2 catoblepae
  Erolcha (D:10)
  3 death knights
  A ghost crab (Swamp:2)
  2 radroaches
  8 boulder beetles
  7 alligators
  10 centaur warriors
  25 two-headed ogres
  2 spriggan skeletons (Crypt:3)
  4 tengu warriors
  8 deep troll earth magi
  A death scarab (Spider:3)
  3 deep troll shamans
  6 spriggan berserkers
  2 demonic crawlers
  4 orc high priests
  A shock serpent (Swamp:1)
  31 dancing weapons
  2 hell hogs (Depths:3)
  4 sun demons
  4 vampire magi
  Sonja (Lair:1)
  27 deep elf knights
  7 hell knights
  Amaemon (Lair:3)
  A skyshark (Lair:5)
  11 soul eaters
  A wretched star (Abyss:2)
  Nergalle (D:10)
  5 iron trolls
  A sun moth (Spider:4)
  A bunyip zombie (Crypt:2)
  A titan skeleton (Crypt:3)
  3 pharaoh ants
  A shadow wraith (Crypt:3)
  A death drake (shapeshifter) (Vaults:5)
  68 deep trolls
  A ghost moth zombie (Crypt:3)
  A golden dragon zombie (Crypt:1)
  10 goliath frogs
  A sea snake (Lair:5)
  11 skeletal warriors
  10 bog bodies
  An orb spider (shapeshifter) (Elf:1)
  4 glowing orange brains
  15 ironbound convokers
  2 spriggan druids
  3 swamp dragons
  4 orb spiders
  An obsidian statue (IceCv)
  5 flayed ghosts
  6 wizards
  An anaconda zombie (Crypt:3)
  8 spriggan simulacra (IceCv)
  4 steelbarb worms
  7 deep elf archers
  10 orc knights
  13 phantasmal warriors
  5 necromancers
  A wolf spider zombie (Crypt:2)
  The ghost of bmack86 the Cleaver, a novice MiFi (D:6)
  11 lindwurms
  49 ugly things
  36 deep elf pyromancers
  5 harpies
  10 wolf spiders
  An orc sorcerer (Elf:2)
  8 cyclopes
  32 deep elf zephyrmancers
  4 manticores
  A worldbinder (Abyss:2)
  28 moths of wrath
  A goliath frog zombie (Crypt:2)
  A centaur zombie (Crypt:3)
  A fire giant skeleton (Crypt:1)
  A shadow dragon skeleton (Crypt:3)
  7 elephants
  4 black mambas
  25 slime creatures
  26 vault sentinels
  2 dire elephant zombies
  An orange demon (Lair:3)
  5 smoke demons
  2 gargoyles (D:11)
  3 torpor snails
  12 cane toads
  Maggie (D:8)
  A yellow draconian zombie (Crypt:2)
  An unseen horror zombie (Crypt:3)
  A kobold demonologist (D:12)
  A white draconian zombie (Crypt:2)
  An unseen horror (D:12)
  8 freezing wraiths
  An efreet (D:15)
  11 yaktaurs
  A centaur skeleton (Crypt:3)
  17 komodo dragons
  An anaconda simulacrum (IceCv)
  4 rime drakes
  An iron troll zombie (Crypt:1)
  2 tengu conjurers
  2 golden dragon simulacra (IceCv)
  4 ice devils (IceCv)
  6 trolls
  A guardian mummy (Crypt:3)
  A merfolk (D:15)
  2 wind drakes (Lair:5)
  A hydra zombie (Crypt:2)
  2 queen bees
  A queen bee (shapeshifter) (D:5)
  4 meliai
  4 polar bears
  A wolf spider simulacrum (D:15)
  5 tyrant leeches
  Grinder (D:3)
  20 blink frogs
  A moth of wrath zombie (Crypt:1)
  18 hornets
  12 tarantellas
  A snapping turtle (Lair:5)
  Sigmund (D:3)
  A culicivora (shapeshifter) (Vaults:5)
  6 flying skulls
  16 jumping spiders
  19 spriggans
  2 air elementals
  22 culicivoras
  A centaur simulacrum (Crypt:3)
  6 wraiths
  6 dire elephant simulacra (IceCv)
  11 water elementals
  57 yaks
  A basilisk (Lair:2)
  5 wyverns
  A human (Lair:1)
  4 swamp worm simulacra (Swamp:4)
  A chaos spawn (Depths:2)
  2 fire elementals
  41 redbacks
  3 neqoxecs
  3 steam dragons
  2 minotaur simulacra (IceCv)
  A basilisk (shapeshifter) (D:14)
  25 vampire mosquitoes
  15 swamp worms
  The ghost of innerfire43 the Changeling, an amateur OpSh (D:3)
  Edmund (D:6)
  2 harpy simulacra
  16 hydra simulacra
  14 water moccasins
  A faun zombie (Crypt:3)
  3 wargs
  2 floating eyes
  3 acid dragons
  A deep troll skeleton (Crypt:3)
  The ghost of Mightysalt the Sneak, an amateur VSBr (D:3)
  A floating eye (shapeshifter) (Vaults:4)
  25 orc warriors
  A swamp drake (Swamp:2)
  2 black bears
  3 ice beasts
  2 black bears (shapeshifter)
  24 ogres
  2 sky beasts
  4 boggarts (Vaults:1)
  7 centaurs
  A manticore zombie (Crypt:2)
  7 wolves (Lair:3)
  2 phantoms
  5 kobold brigands
  A komodo dragon zombie (Crypt:3)
  A draconian skeleton (Crypt:1)
  10 bullfrogs
  11 deep troll simulacra (IceCv)
  5 necrophages
  3 earth elementals
  2 scorpions (D:4)
  16 wights
  2 lindwurm simulacra (IceCv)
  24 killer bees
  A raiju skeleton (Crypt:3)
  8 howler monkeys
  9 electric eels
  A crimson imp (D:8)
  5 jellies
  A quasit (Abyss:2)
  16 orc priests
  4 hounds
  Crazy Yiuf (D:4)
  A black bear zombie (Crypt:3)
  A gnoll bouda (D:9)
  Jessica (D:2)
  3 iguanas
  17 orc wizards
  A sleepcap (D:6)
  Natasha (thrice) (D:3)
  4 hell rats (Lair:5)
  An acid dragon zombie (Crypt:2)
  2 acid dragon skeletons
  12 mummies (Crypt:3)
  5 gnolls (D:9)
  A river rat (D:12)
  8 adders
  4 shadow imps (D:8)
  3 white imps (D:8)
  4 swamp drake simulacra (Swamp:4)
  3 ufetubi
  An iguana zombie (Crypt:1)
  2 worms
  56 orcs
  6 endoplasms
  3 giant cockroaches
  5 goblins
  8 hobgoblins
  7 jackals (D:2)
  2 quokkas
  8 ball pythons
  A ball python zombie (Crypt:2)
  2 bats
  2 frilled lizards
  11 kobolds
  4 rats
  A rat zombie (D:9)
  2 starspawn tentacles (Swamp:2)
2000 creatures vanquished.

Vanquished Creatures (collateral kills)
  A storm dragon (Zot:2)
  A frost giant (Vaults:5)
  A vault warden (Vaults:5)
  A draconian shifter (Zot:3)
  A very ugly thing (Vaults:5)
  A spark wasp (Swamp:2)
  A vault guard (D:13)
  A deep troll earth mage (Depths:3)
  An orc high priest (Vaults:3)
  A bog body (Swamp:2)
  A spriggan simulacrum (IceCv)
  A deep elf pyromancer (D:13)
  A moth of wrath (Zot:2)
  A kobold demonologist (D:12)
  A troll (D:13)
  A tyrant leech (Swamp:2)
  2 hornets
  4 spriggans (Depths:2)
  3 yaks (D:11)
  An orc warrior (Vaults:3)
  A black bear (D:8)
  A lindwurm simulacrum (IceCv)
  A white imp (D:8)
  2 ufetubi (D:8)
  An orc (D:7)
32 creatures vanquished.

Vanquished Creatures (others)
  A storm dragon (Zot:3)
  3 vault guards (Vaults:5)
  4 dancing weapons
  A shadow wraith (Vaults:5)
  A swamp dragon (Zot:3)
  A deep elf zephyrmancer (Elf:1)
  2 moths of wrath (Zot:3)
  Maurice (D:12)
  A rime drake (Lair:5)
  A jumping spider (Spider:2)
  A water moccasin (D:8)
  A centaur (D:13)
  8 foxfires (Swamp:2)
  2 starspawn tentacles (Swamp:2)
28 creatures vanquished.

Grand Total: 2060 creatures vanquished

Notes
Turn   | Place    | Note
-------+----------+-------------------------------------------
     0 | D:1      | Xavori the Vine Stalker Chaos Knight began the quest for
                  | the Orb.
     0 | D:1      | Reached XP level 1. HP: 11/11 MP: 2/2
    21 | D:1      | XOM: silly message
   101 | D:1      | Reached skill level 1 in Spellcasting
   101 | D:1      | Reached XP level 2. HP: 10/16 MP: 0/4
   687 | D:1      | XOM: noise
  1514 | D:1      | XOM: silly message
  1950 | D:1      | XOM: silly message
  2488 | D:1      | XOM: silly message
  2901 | D:1      | XOM: divination: detect items
  3922 | D:1      | XOM: god gift: +1 buckler of protection
  4033 | D:1      | XOM: give mutations
  4033 | D:1      | Gained mutation: A frigid envelope surrounds you and
                  | freezes all who hurt you. [Xom's mischief]
  4033 | D:1      | Gained mutation: You have sharp fingernails. [Xom's
                  | mischief]
  4033 | D:1      | Gained mutation: You expend magic power (3 MP) to
                  | strengthen your wands. [Xom's mischief]
  4040 | D:1      | XOM: give mutations
  4040 | D:1      | Lost mutation: You expend magic power (3 MP) to strengthen
                  | your wands. [Xom's mischief]
  4040 | D:1      | Gained mutation: Your body sometimes deteriorates upon
                  | taking damage. [Xom's mischief]
  4040 | D:1      | Gained mutation: Armour fits poorly on your strangely
                  | shaped body. [Xom's mischief]
  4141 | D:1      | XOM is BORED!
  4453 | D:1      | XOM: summons 2 hostile demons
  4454 | D:1      | Noticed a crimson imp
  4454 | D:1      | XOM: give mutations
  4454 | D:1      | Gained mutation: You are frail. (-10% HP) [Xom's mischief]
  5442 | D:1      | XOM: god gift: 6 atropa-tipped darts
  6012 | D:1      | XOM: give mutations
  6012 | D:1      | Gained mutation: You are agile. (Dex +4, Str/Int -1) [Xom's
                  | grace]
  6012 | D:1      | Gained mutation: You have a pair of small horns on your
                  | head. [Xom's grace]
  6094 | D:1      | XOM: stat loss: -1 Dex (16/17)
  6593 | D:1      | XOM: give mutations
  6593 | D:1      | Gained mutation: Your flesh is cold resistant. (rC+) [Xom's
                  | grace]
  6593 | D:1      | Gained mutation: You have sharp toenails. [Xom's grace]
  6593 | D:1      | Gained mutation: Your movements are slightly less
                  | encumbered by armour. (ER -2) [Xom's grace]
  6983 | D:1      | XOM: cloud trail
  7900 | D:1      | XOM: silly message
  8220 | D:1      | XOM: silly message
  8385 | D:1      | XOM: silly message
  8435 | D:1      | XOM: cloud trail
  8681 | D:1      | XOM: god gift: trident {god gift}
  8779 | D:1      | XOM is BORED!
  8779 | D:1      | XOM: noise
  9620 | D:2      | XOM is BORED!
  9620 | D:2      | XOM: noise
  9623 | D:2      | Noticed an ogre
  9627 | D:2      | XOM: butterfly on damage
  9714 | D:2      | XOM: cast spell 'Olgreb's Toxic Radiance'
  9718 | D:2      | Killed an ogre
  9719 | D:2      | Reached skill level 1 in Stealth
  9719 | D:2      | Reached XP level 3. HP: 18/18 MP: 4/6
  9719 | D:2      | Gained mutation: Your natural rate of healing is unusually
                  | fast. [Vine Stalker growth]
  9719 | D:2      | Reached XP level 4. HP: 21/21 MP: 4/7
  9804 | D:2      | Noticed Jessica
  9807 | D:2      | XOM: potion effect (might)
  9808 | D:2      | Killed Jessica
  9809 | D:2      | Reached XP level 5. HP: 25/25 MP: 8/8
  9920 | D:2      | Noticed a black bear
  9926 | D:2      | Killed a black bear
  9927 | D:2      | Reached skill level 1 in Dodging
  9927 | D:2      | Reached skill level 1 in Shields
  9927 | D:2      | Reached XP level 6. HP: 26/28 MP: 8/10
 10436 | D:3      | XOM: scenery: summon butterflies
 10599 | D:3      | Noticed Grinder
 10604 | D:3      | Killed Grinder
 10605 | D:3      | Reached XP level 7. HP: 24/32 MP: 7/12
 10705 | D:3      | XOM: give mutations
 10705 | D:3      | Gained mutation: You are resistant to electric shocks.
                  | (rElec) [Xom's grace]
 10705 | D:3      | Gained mutation: You are partially covered in large bone
                  | plates. (SH +4) [Xom's grace]
 10750 | D:3      | Noticed Sigmund
 10760 | D:3      | Killed Sigmund
 10791 | D:3      | Found a runed translucent gate.
 10792 | D:3      | Found a runed translucent gate.
 10793 | D:3      | Found a runed translucent gate.
 10794 | D:3      | Noticed innerfire43's ghost (amateur OpSh)
 10795 | D:3      | Noticed Mightysalt's ghost (amateur VSBr)
 10900 | D:3      | Noticed Natasha
 10906 | D:3      | Killed Natasha
 10961 | D:3      | Noticed Natasha
 10963 | D:3      | Killed Natasha
 11109 | D:3      | Noticed Natasha
 11115 | D:3      | Killed Natasha
 11222 | D:3      | XOM: silly message
 11303 | D:3      | XOM: enchant monster (bad)
 11306 | D:3      | Killed innerfire43's ghost
 11309 | D:3      | Killed Mightysalt's ghost
 11310 | D:3      | Gained mutation: You have razor-sharp teeth. [Vine Stalker
                  | growth]
 11310 | D:3      | Reached XP level 8. HP: 34/37 MP: 12/14
 11564 | D:4      | XOM: cloud trail
 12034 | D:4      | Reached skill level 5 in Long Blades
 12213 | D:4      | XOM: god gift: 3 javelins
 12298 | D:4      | Found a runed translucent door.
 12299 | D:4      | Noticed Crazy Yiuf
 12309 | D:4      | Killed Crazy Yiuf
 12310 | D:4      | Reached skill level 5 in Stealth
 12394 | D:5      | Entered Level 5 of the Dungeon
 12396 | D:4      | XOM: scenery: create altars
 12441 | D:4      | XOM: scenery: summon butterflies
 12582 | D:4      | XOM: summons 2 hostile demons
 13592 | D:4      | XOM: god gift: silver javelin
 14886 | D:4      | XOM: god gift: +1 cloak of poison resistance
 14932 | D:4      | XOM: divination: magic mapping
 14975 | D:4      | XOM: cloud trail
 15365 | D:4      | XOM: god gift: wand of quicksilver (5)
 15593 | D:4      | XOM is BORED!
 15593 | D:4      | XOM: stat loss: -2 Int (9/11)
 15714 | D:4      | XOM: give mutations
 15714 | D:4      | Gained mutation: You have a pair of horns on your head.
                  | [Xom's grace]
 15714 | D:4      | Gained mutation: You are partially covered in iridescent
                  | scales. (AC +2) [Xom's grace]
 15787 | D:4      | XOM: noise
 16129 | D:5      | Identified the +1 leather armour of Gisorao {rPois}
 16168 | D:5      | XOM: divination: detect creatures
 16176 | D:5      | XOM: divination: magic mapping
 16257 | D:5      | Found a staircase to the Ecumenical Temple.
 16279 | D:5      | Noticed Blork the orc
 16290 | D:5      | Blork the orc changed into Blork the shapeshifter
 16290 | D:5      | Noticed Blork (shapeshifter)
 16290 | D:5      | Blork the shapeshifter changed into Blork the golden eye
 16300 | D:5      | XOM: silly message
 16312 | D:5      | Noticed Blork
 16319 | D:5      | Killed Blork the queen bee
 16320 | D:5      | Reached XP level 9. HP: 39/40 MP: 15/17
 16322 | D:5      | Identified a scroll of acquirement
 16324 | D:5      | Acquired 1152 gold pieces
 16342 | D:5      | Found a blossoming altar of Fedhas.
 16630 | D:5      | Found a shadowy altar of Dithmenos.
 16833 | D:6      | Noticed Edmund
 16839 | D:6      | Killed Edmund
 16876 | D:6      | Reached skill level 5 in Spellcasting
 16878 | D:6      | XOM: 1-stop teleportation journey
 16918 | D:6      | Identified the +2 ring mail of the Blessed Realm {rF+ rN+
                  | Will- Dex+6}
 17062 | D:6      | Found a runed translucent door.
 17818 | D:6      | Noticed bmack86's ghost (novice MiFi)
 17827 | D:6      | XOM: butterfly on damage
 17847 | D:6      | XOM: confuse monster(s)
 17850 | D:6      | XOM: summons 9 friendly demons
 17871 | D:6      | Killed bmack86's ghost
 18161 | D:7      | XOM: enchant monster (good)
 18447 | D:7      | XOM: god gift: mace {god gift}
 18617 | D:7      | Found a flagged portal.
 18628 | Bailey   | Entered a bailey
 18673 | Bailey   | Reached XP level 10. HP: 33/45 MP: 12/20
 18681 | Bailey   | Reached skill level 5 in Shields
 18681 | Bailey   | Noticed a two-headed ogre
 18815 | Bailey   | XOM: confuse monster(s)
 18821 | Bailey   | Killed a two-headed ogre
 18822 | Bailey   | Reached skill level 1 in Evocations
 18878 | Bailey   | Identified the +9 ice dragon scales of Xileuwkaekapn {rF-
                  | rC++ Str+2 Stlth+}
 18896 | Bailey   | Identified the +10 trident of the Spinneret {flame, Str+3}
 19368 | D:8      | Noticed a purple ugly thing
 19373 | D:8      | XOM: enchant monster (good)
 19378 | D:8      | Killed a purple ugly thing
 19379 | D:8      | Reached skill level 1 in Polearms
 19385 | D:8      | XOM: butterfly on damage
 19493 | D:8      | Noticed Maggie
 19494 | D:8      | XOM: summons 3 friendly demons
 19504 | D:8      | Killed Maggie
 19529 | D:8      | XOM: scenery: 2 doors open
 19565 | D:8      | XOM: 4-stop teleportation journey
 19689 | D:8      | Found a burning altar of Makhleb.
 19771 | D:9      | Reached XP level 11. HP: 48/48 MP: 22/22
 19775 | D:9      | Reached skill level 5 in Fighting
 19814 | D:9      | Found a white marble altar of Elyvilon.
 19886 | D:9      | Found a staircase to the Lair.
 20020 | D:9      | XOM: 2-stop teleportation journey
 20026 | D:9      | XOM: enchant monster (bad)
 20112 | D:9      | Reached skill level 5 in Polearms
 20158 | D:9      | XOM: enchant monster (bad)
 20348 | D:9      | Found an ancient bone altar of Kikubaaqudgha.
 20602 | D:9      | XOM: polymorph komodo dragon -> queen bee
 20670 | D:10     | Entered Level 10 of the Dungeon
 20697 | D:10     | XOM: scenery: create altars
 20756 | D:10     | Noticed a two-headed ogre
 20760 | D:10     | Killed a two-headed ogre
 20853 | D:10     | XOM: 3-stop teleportation journey
 20886 | D:10     | XOM: 5-stop teleportation journey
 20959 | D:10     | Noticed Nergalle
 20969 | D:10     | Killed Nergalle
 20986 | D:10     | Noticed Erolcha
 20992 | D:10     | Killed Erolcha
 21291 | D:10     | XOM: confusion (+ monsters)
 21366 | D:10     | Found a staircase to the Orcish Mines.
 21481 | Lair:1   | Entered Level 1 of the Lair of Beasts
 21490 | Lair:1   | XOM: give mutations
 21490 | Lair:1   | Lost mutation: Your movements are slightly less encumbered
                  | by armour. (ER -2) [Xom's mischief]
 21490 | Lair:1   | Lost mutation: You have sharp fingernails. [Xom's mischief]
 21490 | Lair:1   | Lost mutation: Armour fits poorly on your strangely shaped
                  | body. [Xom's mischief]
 21495 | Lair:1   | Noticed Sonja
 21499 | Lair:1   | XOM: noise
 21501 | Lair:1   | Killed Sonja
 21503 | Lair:1   | You fall into a shaft and drop 1 floor!
 21504 | Lair:2   | XOM: confuse monster(s)
 21505 | Lair:2   | XOM: enchant monster (good)
 21509 | Lair:2   | XOM: summons 2 friendly demons
 21514 | Lair:2   | XOM: repel stairs
 21519 | Lair:2   | Reached XP level 12. HP: 54/54 MP: 24/24
 21532 | Lair:2   | XOM: blink monster(s)
 21536 | Lair:2   | XOM: confusion (+ monsters)
 21549 | Lair:1   | XOM: swap monsters
 21567 | Lair:1   | XOM: enchant monster (bad)
 21583 | Lair:1   | XOM: noise
 21645 | Lair:1   | XOM: noise
 21819 | Lair:1   | XOM: polymorph bullfrog -> human
 22371 | Lair:2   | XOM: 3-stop teleportation journey
 22395 | Lair:2   | Found a hole to the Spider Nest.
 22411 | Lair:2   | XOM: cleaving
 22580 | Lair:2   | XOM: fog
 22593 | Lair:2   | Reached skill level 5 in Armour
 22605 | Lair:2   | XOM: scenery: create altars
 22710 | Lair:2   | XOM: give mutation
 22710 | Lair:2   | Lost mutation: A frigid envelope surrounds you and freezes
                  | all who hurt you. [Xom's mischief]
 22749 | Lair:2   | Reached skill level 10 in Polearms
 22755 | Lair:2   | Noticed a four-headed hydra
 22762 | Lair:2   | Killed a four-headed hydra
 22789 | Lair:2   | Got the Disquisition on the Hapless Mausoleum
 22856 | Lair:2   | XOM: god gift: Young Poisoner's Handbook
 22872 | Lair:2   | Reached XP level 13. HP: 52/58 MP: 21/26
 23111 | Lair:2   | XOM: enchant monster (bad)
 23173 | Lair:3   | Identified the +1 sling "Trog's Scorn" {heavy, rElec rN+}
 23205 | Lair:3   | XOM: fog
 23214 | Lair:3   | XOM: confuse monster(s)
 23237 | Lair:3   | Noticed Amaemon
 23243 | Lair:3   | XOM: enchant monster (good)
 23245 | Lair:3   | Killed Amaemon
 23258 | Lair:3   | XOM: fog
 23402 | Lair:3   | XOM: cleaving
 23483 | Lair:3   | Found a staircase to the Swamp.
 23653 | Lair:3   | XOM: cloud trail
 23981 | Lair:3   | XOM: silly message
 24482 | Lair:4   | XOM: give mutation
 24482 | Lair:4   | Gained mutation: Your mind is acute. (Int +4, Str/Dex -1)
                  | [Xom's mischief]
 24483 | Lair:4   | XOM: give mutations
 24483 | Lair:4   | Lost mutation: You have a pair of horns on your head.
                  | [Xom's mischief]
 24483 | Lair:4   | Lost mutation: You have a pair of small horns on your head.
                  | [Xom's mischief]
 24483 | Lair:4   | Lost mutation: You are partially covered in large bone
                  | plates. (SH +4) [Xom's mischief]
 24483 | Lair:4   | Lost mutation: You are partially covered in iridescent
                  | scales. (AC +2) [Xom's mischief]
 24490 | Lair:4   | XOM: summons 7 hostile demons
 24492 | Lair:4   | XOM: noise
 24493 | Lair:4   | HP: 3/60 [killer bee (3)]
 25009 | Lair:4   | XOM: give mutations
 25009 | Lair:4   | Gained mutation: Your magical capacity is low. (-10% MP)
                  | [Xom's mischief]
 25009 | Lair:4   | Gained mutation: You have a pair of small horns on your
                  | head. [Xom's mischief]
 25009 | Lair:4   | Lost mutation: You are frail. (-10% HP) [Xom's mischief]
 25036 | Lair:4   | Found a viscous altar of Jiyva.
 25036 | Lair:4   | Found a staircase to the Slime Pits.
 25061 | Lair:4   | XOM: give mutations
 25061 | Lair:4   | Gained mutation: Your flesh is heat resistant. (rF+) [Xom's
                  | grace]
 25061 | Lair:4   | Lost mutation: You have sharp toenails. [Xom's grace]
 25061 | Lair:4   | Gained mutation: You have large cloven feet. [Xom's grace]
 25274 | Lair:5   | Entered Level 5 of the Lair of Beasts
 25277 | Lair:5   | XOM: divine lightning
 25278 | Lair:5   | Reached XP level 14. HP: 72/72 MP: 26/26
 25293 | Lair:4   | XOM: summons 4 friendly demons
 25423 | Lair:5   | Reached skill level 10 in Spellcasting
 25440 | Lair:5   | Paralysed by a hornet for 2 turns
 25482 | Lair:5   | XOM: potion effect (haste)
 25492 | Lair:5   | XOM: potion effect (haste)
 25537 | Lair:5   | XOM: scenery: create altars
 25654 | Lair:5   | XOM: scenery: summon butterflies
 25765 | Lair:5   | Noticed Nessos
 25794 | Lair:5   | Killed Nessos
 25858 | Lair:5   | XOM: enchant monster (good)
 25976 | Lair:5   | XOM: give mutations
 25976 | Lair:5   | Gained mutation: You expend magic power (3 MP) to
                  | strengthen your wands. [Xom's grace]
 25976 | Lair:5   | Gained mutation: Your movements are slightly less
                  | encumbered by armour. (ER -2) [Xom's grace]
 26066 | Lair:5   | XOM: cloud trail
 26628 | D:9      | XOM: scenery: summon butterflies
 26710 | Orc:1    | Entered Level 1 of the Orcish Mines
 26841 | Orc:2    | Entered Level 2 of the Orcish Mines
 26942 | Orc:2    | XOM: cloud trail
 26951 | Orc:2    | Found a staircase to the Elven Halls.
 26951 | Orc:2    | XOM: 1-stop teleportation journey
 26997 | Orc:2    | XOM: confuse monster(s)
 26999 | Orc:2    | Found Dawui's Weapon Emporium.
 26999 | Orc:2    | Found Girghaitt's Jewellery Boutique.
 27001 | Orc:2    | Found Hanamuoth's Distillery.
 27001 | Orc:2    | Found Nogalich's Weapon Shoppe.
 27004 | Orc:2    | Found Tanusuk's Assorted Antiques.
 27004 | Orc:2    | XOM: 10-stop teleportation journey
 27006 | Orc:2    | Found Neoh's Antique Weapon Shoppe.
 27108 | Orc:2    | XOM: cleaving
 27111 | Orc:2    | XOM: cast spell 'Olgreb's Toxic Radiance'
 27195 | Orc:2    | XOM: destruction
 27202 | Orc:2    | XOM: cast spell 'Alistair's Intoxication'
 27289 | Orc:2    | Bought a potion of invisibility for 128 gold pieces
 27289 | Orc:2    | Bought a potion of curing for 48 gold pieces
 27289 | Orc:2    | Bought a potion of curing for 48 gold pieces
 27289 | Orc:2    | Bought a potion of enlightenment for 80 gold pieces
 27326 | Orc:2    | Found Agio's Distillery.
 27335 | Orc:2    | Bought a potion of degeneration for 11 gold pieces
 27335 | Orc:2    | Bought a potion of brilliance for 44 gold pieces
 27335 | Orc:2    | Bought a potion of attraction for 33 gold pieces
 27432 | Orc:2    | Reached XP level 15. HP: 77/77 MP: 27/27
 27643 | D:11     | XOM: cast spell 'Summon Cactus Giant'
 27710 | D:11     | XOM: noise
 27766 | D:11     | XOM: 2-stop teleportation journey
 27775 | D:11     | XOM: noise
 27963 | D:11     | XOM: 1-stop teleportation journey
 28061 | D:11     | XOM: 4-stop teleportation journey
 28152 | D:11     | XOM: confuse monster(s)
 28441 | D:12     | Noticed Rupert
 28445 | D:12     | Noticed Frances
 28454 | D:12     | Killed Rupert
 28468 | D:12     | XOM: summons 2 friendly demons
 28471 | D:12     | XOM: summons 2 friendly demons
 28473 | D:12     | XOM: summons friendly shadow imp
 28557 | D:12     | Killed Frances
 28584 | D:12     | XOM: god gift: 34 gold pieces
 28601 | D:12     | XOM: give mutations
 28601 | D:12     | Gained mutation: You passively map a small area around you.
                  | [Xom's grace]
 28601 | D:12     | Gained mutation: Your flesh is very cold resistant. (rC++)
                  | [Xom's grace]
 28658 | D:12     | Noticed Maurice
 28672 | D:12     | Killed Maurice
 28676 | D:12     | XOM: polymorph orc wizard -> river rat
 28749 | D:12     | Found Jezifosk's Antique Weapon Boutique.
 28755 | D:12     | Bought the +8 mithril axe "Arga" {speed, Will+} for 1744
                  | gold pieces
 28755 | D:12     | Found the +8 mithril axe "Arga" {speed, Will+}
 28842 | D:12     | XOM: summons 7 friendly demons
 28850 | D:12     | Reached skill level 1 in Axes
 28959 | D:13     | Reached skill level 10 in Stealth
 28991 | D:13     | Found the +3 pair of seven-league boots {Rampage+∞}
 28993 | D:13     | You fall into a shaft and drop 1 floor!
 29018 | D:14     | XOM: fake destruction
 29039 | D:14     | Reached skill level 2 in Axes
 29165 | D:14     | Reached skill level 3 in Axes
 29288 | D:13     | Reached skill level 4 in Axes
 29372 | D:13     | XOM: 10-stop teleportation journey
 29485 | D:13     | XOM: smoke on damage
 29495 | D:13     | Reached skill level 5 in Dodging
 29517 | D:13     | Found a gate to the Vaults.
 29708 | D:14     | XOM: fog
 29712 | D:14     | XOM: 1-stop teleportation journey
 29754 | D:14     | Reached skill level 5 in Axes
 29860 | D:14     | Found a sacrificial altar of Ru.
 29874 | D:14     | XOM: confuse monster(s)
 29891 | D:14     | XOM: cloud trail
 30096 | D:15     | Entered Level 15 of the Dungeon
 30119 | D:15     | Reached skill level 6 in Axes
 30130 | D:15     | XOM: polymorph red ugly thing -> white ugly thing
 30131 | D:15     | XOM: scenery: summon butterflies
 30132 | D:15     | XOM: cleaving
 30133 | D:15     | Reached XP level 16. HP: 77/83 MP: 26/29
 30135 | D:15     | XOM: summons 1 friendly demon
 30138 | D:15     | XOM: confusion (+ monsters)
 30206 | D:15     | XOM: summons friendly quasit
 30305 | D:15     | XOM: blink monster(s)
 30343 | D:15     | Reached skill level 7 in Axes
 30476 | D:15     | XOM: give mutations
 30476 | D:15     | Gained mutation: Your system is resistant to poisons.
                  | (rPois) [Xom's grace]
 30476 | D:15     | Gained mutation: You are somewhat resistant to further
                  | mutation. [Xom's grace]
 30646 | D:15     | XOM: confusion
 30652 | D:15     | XOM: swap monsters
 30695 | D:15     | Found a hide-covered altar of Uskayaw.
 30729 | D:15     | XOM: silly message
 30945 | D:15     | Reached skill level 8 in Axes
 31042 | D:15     | Found a staircase to the Depths.
 31459 | Spider:1 | Entered Level 1 of the Spider Nest
 31594 | Spider:1 | XOM: confusion (+ monsters)
 31774 | Spider:1 | XOM: 2-stop teleportation journey
 31874 | Spider:1 | XOM: noise
 32080 | Spider:2 | XOM: blink monster(s)
 32233 | Spider:2 | Reached skill level 9 in Axes
 32238 | Spider:2 | XOM: enchant monster (good)
 32243 | Spider:2 | XOM: silly message
 32260 | Spider:2 | XOM: cast spell 'Summon Small Mammal'
 32287 | Spider:2 | Found a frozen archway.
 32291 | Spider:2 | XOM: enchant monster (good)
 32296 | IceCv    | Entered an ice cave
 32481 | IceCv    | XOM: enchant monster (good)
 32512 | IceCv    | XOM: summons friendly shadow imp
 32520 | IceCv    | XOM: cast spell 'Summon Horrible Things'
 32588 | IceCv    | XOM: confusion
 32744 | IceCv    | Reached skill level 10 in Axes
 32881 | IceCv    | XOM: enchant monster (bad)
 32885 | IceCv    | XOM: potion effect (attraction)
 32896 | IceCv    | XOM: smoke on damage
 32933 | IceCv    | XOM: cloud trail
 33070 | IceCv    | Identified the ring "Fant" {rCorr Str+5 Dex+6}
 33088 | IceCv    | Identified the +6 chain mail of the Desolation of Salt
                  | {+Inv Int+3}
 33186 | Spider:2 | Reached XP level 17. HP: 86/88 MP: 31/31
 33461 | Spider:2 | XOM: potion effect (brilliance)
 33575 | Spider:2 | XOM: give mutations
 33575 | Spider:2 | Gained mutation: Your movements are less encumbered by
                  | armour. (ER -4) [Xom's grace]
 33575 | Spider:2 | Gained mutation: You are somewhat resistant to both further
                  | mutation and mutation removal. [Xom's grace]
 33575 | Spider:2 | Gained mutation: You are strong-willed. (Will+) [Xom's
                  | grace]
 34118 | Spider:3 | XOM: polymorph tarantella -> spriggan
 34146 | Spider:3 | XOM: give mutations
 34146 | Spider:3 | Gained mutation: You are highly strong-willed. (Will++)
                  | [Xom's grace]
 34146 | Spider:3 | Gained mutation: Your flesh is almost immune to the effects
                  | of cold. (rC+++) [Xom's grace]
 34146 | Spider:3 | Gained mutation: You are extremely strong-willed. (Will+++)
                  | [Xom's grace]
 34146 | Spider:3 | Gained mutation: You possess an exceptional clarity of
                  | mind. [Xom's grace]
 34184 | Spider:3 | XOM: summons 3 hostile shadow creatures
 34193 | Spider:3 | XOM: smoke on damage
 34302 | Spider:3 | Reached skill level 11 in Axes
 35081 | Spider:4 | Entered Level 4 of the Spider Nest
 35083 | Spider:4 | XOM: silly message
 35278 | Spider:4 | XOM: scenery: summon butterflies
 35464 | Spider:4 | XOM: give mutations
 35464 | Spider:4 | Gained mutation: You heal very quickly. [Xom's grace]
 35464 | Spider:4 | Gained mutation: Your muscles are strong. (Str +4, Int/Dex
                  | -1) [Xom's grace]
 35541 | Spider:4 | XOM: summons 3 hostile demons
 35582 | Spider:4 | XOM: noise
 35635 | Spider:4 | XOM: polymorph ghost moth -> tyrant leech
 35697 | Spider:4 | XOM: give mutations
 35697 | Spider:4 | Lost mutation: Your magical capacity is low. (-10% MP)
                  | [Xom's mischief]
 35697 | Spider:4 | Lost mutation: You possess an exceptional clarity of mind.
                  | [Xom's mischief]
 35732 | Spider:4 | Reached skill level 12 in Axes
 35865 | Spider:4 | XOM: enchant monster (bad)
 35874 | Spider:4 | XOM: summons friendly ufetubus
 35883 | Spider:4 | XOM: cast spell 'Summon Small Mammal'
 35888 | Spider:4 | XOM: destruction
 35891 | Spider:4 | XOM: 1-stop teleportation journey
 36162 | Spider:4 | XOM: silly message
 36180 | Spider:4 | XOM: draining
 36182 | Spider:4 | XOM: confusion (+ monsters)
 36185 | Spider:4 | XOM: noise
 36189 | Spider:4 | XOM: give mutations
 36189 | Spider:4 | Lost mutation: You have large cloven feet. [Xom's mischief]
 36189 | Spider:4 | Lost mutation: Your body sometimes deteriorates upon taking
                  | damage. [Xom's mischief]
 36191 | Spider:4 | XOM: blink monster(s)
 36280 | Spider:4 | Reached skill level 10 in Fighting
 36374 | Spider:4 | XOM: summons 9 hostile demons
 36575 | Spider:4 | XOM: enchant monster (bad)
 36607 | Spider:4 | XOM: cast spell 'Summon Cactus Giant'
 36686 | Spider:4 | Got a gossamer rune of Zot
 36725 | Spider:4 | XOM: potion effect (might)
 36779 | Spider:4 | XOM: noise
 36931 | Lair:2   | XOM: silly message
 36964 | Swamp:1  | Entered Level 1 of the Swamp
 36969 | Swamp:1  | XOM: noise
 37011 | Swamp:1  | XOM: summons 3 hostile shadow creatures
 37023 | Swamp:1  | XOM: destruction
 37046 | Swamp:1  | XOM: polymorph spriggan rider -> great orb of eyes
 37056 | Swamp:1  | XOM: enchant monster (bad)
 37069 | Swamp:1  | Reached skill level 13 in Axes
 37073 | Swamp:1  | XOM: polymorph spriggan rider -> shock serpent
 37106 | Swamp:1  | Reached XP level 18. HP: 87/93 MP: 34/36
 37110 | Swamp:1  | XOM: fog
 37148 | Swamp:1  | XOM: 1-stop teleportation journey
 37161 | Swamp:1  | Noticed Jorgrun
 37172 | Swamp:1  | Killed Jorgrun
 37528 | Swamp:2  | XOM: 1-stop teleportation journey
 37535 | Swamp:2  | XOM: polymorph swamp dragon -> cyclops
 37598 | Swamp:2  | XOM: noise
 37686 | Swamp:2  | XOM: summons 4 friendly demons
 37688 | Swamp:2  | XOM: summons 1 hostile demon
 37697 | Swamp:2  | XOM: summons friendly white imp
 37698 | Swamp:2  | XOM: cast spell 'Summon Dragon'
 37724 | Swamp:2  | Noticed Mlioglotl
 37730 | Swamp:2  | XOM: fog
 37741 | Swamp:2  | Killed Mlioglotl
 37749 | Swamp:2  | Reached skill level 14 in Axes
 37750 | Swamp:2  | Noticed Nikola
 37764 | Swamp:2  | XOM: chaos cloud
 37771 | Swamp:2  | Killed Nikola
 37808 | Swamp:2  | XOM: summons 3 hostile shadow creatures
 38086 | Swamp:2  | XOM: polymorph shambling mangrove -> starflower
 38088 | Swamp:2  | XOM: give mutations
 38088 | Swamp:2  | Lost mutation: Your movements are less encumbered by
                  | armour. (ER -4) [Xom's mischief]
 38088 | Swamp:2  | Lost mutation: Your movements are slightly less encumbered
                  | by armour. (ER -2) [Xom's mischief]
 38088 | Swamp:2  | Lost mutation: You are resistant to electric shocks.
                  | (rElec) [Xom's mischief]
 38088 | Swamp:2  | Lost mutation: You are extremely strong-willed. (Will+++)
                  | [Xom's mischief]
 38146 | Swamp:3  | XOM: stealth player
 38157 | Swamp:3  | Got Sif Muna's Annotations on Different Conjuring
 38163 | Swamp:3  | XOM: confusion
 38520 | Swamp:3  | XOM: stat loss: -1 Dex (26/27)
 38527 | Swamp:3  | XOM: summons 4 hostile shadow creatures
 38600 | Swamp:3  | XOM: give mutations
 38600 | Swamp:3  | Lost mutation: You are agile. (Dex +4, Str/Int -1) [Xom's
                  | mischief]
 38600 | Swamp:3  | Lost mutation: You have a pair of small horns on your head.
                  | [Xom's mischief]
 38708 | Swamp:4  | Entered Level 4 of the Swamp
 38813 | Swamp:4  | XOM: smoke on damage
 38826 | Swamp:4  | XOM: stat loss: -1 Int (14/15)
 38836 | Swamp:4  | XOM: summons 6 friendly demons
 38849 | Swamp:4  | XOM: noise
 38851 | Swamp:4  | XOM: blink monster(s)
 38897 | Swamp:4  | Got a decaying rune of Zot
 38936 | Swamp:4  | Reached skill level 10 in Shields
 39049 | Swamp:4  | XOM: noise
 39084 | Swamp:4  | XOM: blink monster(s)
 39172 | Swamp:4  | XOM: give mutations
 39172 | Swamp:4  | Lost mutation: You heal very quickly. [Xom's mischief]
 39172 | Swamp:4  | Lost mutation: Your mind is acute. (Int +4, Str/Dex -1)
                  | [Xom's mischief]
 39621 | Lair:1   | XOM: draining
 39792 | Depths:1 | Entered Level 1 of the Depths
 39793 | Depths:1 | XOM: give mutations
 39793 | Depths:1 | Lost mutation: You passively map a small area around you.
                  | [Xom's mischief]
 39793 | Depths:1 | Lost mutation: You expend magic power (3 MP) to strengthen
                  | your wands. [Xom's mischief]
 39793 | Depths:1 | Gained mutation: Your mind is acute. (Int +4, Str/Dex -1)
                  | [Xom's mischief]
 39793 | Depths:1 | Gained mutation: Your muscles are very strong. (Str +8,
                  | Int/Dex -2) [Xom's mischief]
 39845 | Depths:1 | XOM: swap monsters
 39874 | Depths:1 | XOM: summons 2 hostile shadow creatures
 39938 | Depths:1 | XOM: summons 10 hostile demons
 39972 | Depths:1 | XOM: stat loss: -1 Int (13/14)
 39986 | Depths:1 | Found a one-way gate leading to the halls of Pandemonium.
 40100 | Depths:1 | Found a radiant altar of Vehumet.
 40228 | Depths:1 | Reached skill level 15 in Axes
 40228 | Depths:1 | XOM: confusion
 40236 | Depths:1 | XOM: polymorph purple very ugly thing -> brown very ugly
                  | thing
 40239 | Depths:1 | XOM: potion effect (magic)
 40247 | Depths:1 | XOM: enchant monster (bad)
 40251 | Depths:1 | XOM: confusion
 40263 | Depths:1 | XOM: give mutations
 40263 | Depths:1 | Lost mutation: Your muscles are very strong. (Str +8,
                  | Int/Dex -2) [Xom's mischief]
 40263 | Depths:1 | Lost mutation: Your system is resistant to poisons. (rPois)
                  | [Xom's mischief]
 40268 | Depths:1 | XOM: polymorph brown very ugly thing -> purple very ugly
                  | thing
 40390 | Depths:1 | Found Athyk's Jewellery Emporium.
 40407 | Depths:1 | Bought a +4 ring of slaying for 1014 gold pieces
 40458 | Depths:1 | XOM: summons 2 friendly demons
 40522 | Depths:1 | XOM: confusion
 40523 | Depths:1 | XOM: noise
 40696 | Depths:2 | Reached XP level 19. HP: 99/100 MP: 37/37
 40709 | Depths:2 | XOM: noise
 40710 | Depths:2 | XOM: potion effect (attraction)
 40721 | Depths:2 | Noticed Ducleet's ghost (veteran MfMo)
 40827 | Depths:2 | Found a one-way gateway to a ziggurat.
 40847 | Depths:2 | Identified the ring "Xehalel" {rC+ rN+ Will- Dex+6}
 40849 | Depths:2 | Found a transporter.
 40875 | Depths:2 | Found a transporter.
 40890 | Depths:2 | Found a snail-covered altar of Cheibriados.
 40899 | Depths:2 | XOM: potion effect (brilliance)
 40906 | Depths:2 | XOM: silly message
 40915 | Depths:2 | XOM: enchant monster (bad)
 40916 | Depths:2 | XOM: confusion (+ monsters)
 40920 | Depths:2 | XOM: silly message
 40922 | Depths:2 | Noticed a caustic shrike
 40923 | Depths:2 | Noticed the Enchantress
 40926 | Depths:2 | XOM: cast spell 'Alistair's Intoxication'
 41060 | Depths:2 | XOM: confuse monster(s)
 41076 | Depths:2 | XOM: 1-stop teleportation journey
 41082 | Depths:2 | XOM: cast spell 'Alistair's Intoxication'
 41092 | Depths:2 | Acquired 1196 gold pieces
 41101 | Depths:2 | Killed a caustic shrike
 41135 | Depths:2 | XOM: divination: detect creatures
 41172 | Depths:2 | XOM: confuse monster(s)
 41234 | Depths:2 | XOM: confuse monster(s)
 41242 | Depths:2 | Paralysed by a floating eye for 2 turns
 41265 | Depths:2 | XOM: noise
 41281 | Depths:2 | XOM: swap monsters
 41382 | Depths:2 | XOM: enchant monster (good)
 41395 | Depths:2 | Killed the Enchantress
 41402 | Depths:2 | Reached skill level 16 in Axes
 41579 | Depths:2 | XOM: silly message
 41684 | Depths:2 | Found a gateway to Hell.
 41712 | Depths:2 | XOM: give mutations
 41712 | Depths:2 | Gained mutation: You are covered in fur. (AC +1) [Xom's
                  | grace]
 41712 | Depths:2 | Gained mutation: Your muscles are very strong. (Str +8,
                  | Int/Dex -2) [Xom's grace]
 41712 | Depths:2 | Gained mutation: You are covered in thick fur. (AC +2)
                  | [Xom's grace]
 41712 | Depths:2 | Gained mutation: You have a pair of small horns on your
                  | head. [Xom's grace]
 41752 | Depths:2 | XOM: polymorph spark wasp -> broodmother
 41950 | Vaults:1 | Entered Level 1 of the Vaults
 41973 | Vaults:1 | XOM: blink monster(s)
 41975 | Vaults:1 | XOM: polymorph ironbound frostheart -> seven-headed hydra
 41977 | Vaults:1 | XOM: draining
 42258 | Depths:1 | Bought a serpent talisman for 520 gold pieces
 42307 | Depths:1 | XOM: give mutations
 42307 | Depths:1 | Lost mutation: You are highly strong-willed. (Will++)
                  | [Xom's mischief]
 42307 | Depths:1 | Lost mutation: Your muscles are very strong. (Str +8,
                  | Int/Dex -2) [Xom's mischief]
 42307 | Depths:1 | Gained mutation: You occasionally lose the ability to drink
                  | potions when taking damage. [Xom's mischief]
 42307 | Depths:1 | Lost mutation: Your mind is acute. (Int +4, Str/Dex -1)
                  | [Xom's mischief]
 42414 | Vaults:1 | XOM: cloud trail
 42564 | Vaults:1 | XOM: give mutations
 42564 | Vaults:1 | Gained mutation: Your mind is acute. (Int +4, Str/Dex -1)
                  | [Xom's grace]
 42564 | Vaults:1 | Gained mutation: You are robust. (+10% HP) [Xom's grace]
 42564 | Vaults:1 | Gained mutation: You expend magic power (3 MP) to
                  | strengthen your wands. [Xom's grace]
 42564 | Vaults:1 | Gained mutation: You are partially covered in iridescent
                  | scales. (AC +2) [Xom's grace]
 42630 | Vaults:1 | XOM: 1-stop teleportation journey
 42636 | Vaults:1 | Found Ysieryes's Book Boutique.
 42650 | Vaults:1 | XOM: 6-stop teleportation journey
 42726 | Vaults:1 | Reached skill level 1 in Shapeshifting
 42944 | Vaults:1 | XOM: give mutation
 42944 | Vaults:1 | Gained mutation: You are mostly covered in iridescent
                  | scales. (AC +4) [Xom's grace]
 42981 | Vaults:1 | XOM: god gift: scroll of fear
 42983 | Vaults:1 | XOM: confuse monster(s)
 43017 | Vaults:1 | XOM: cast spell 'Death Channel'
 43024 | Vaults:1 | XOM: cast spell 'Summon Small Mammal'
 43095 | Vaults:1 | Found Zehov's Antique Weapon Shoppe.
 43108 | Vaults:1 | XOM: noise
 43114 | Vaults:1 | Reached skill level 17 in Axes
 43197 | Vaults:1 | XOM: summons friendly crimson imp
 43200 | Vaults:1 | XOM: confuse monster(s)
 43201 | Vaults:1 | Reached XP level 20. HP: 117/117 MP: 39/39
 43305 | Vaults:2 | XOM: enchant monster (bad)
 43499 | Vaults:2 | XOM: 1-stop teleportation journey
 43723 | Vaults:2 | Found Ockicu Kiuwn's Armour Shop.
 43770 | Vaults:2 | Bought the +3 helmet of Ichooss {rN+ Regen+ Dex+4} for 391
                  | gold pieces
 43834 | Vaults:2 | XOM: give mutations
 43834 | Vaults:2 | Lost mutation: Your mind is acute. (Int +4, Str/Dex -1)
                  | [Xom's mischief]
 43834 | Vaults:2 | Lost mutation: Your flesh is heat resistant. (rF+) [Xom's
                  | mischief]
 43834 | Vaults:2 | Lost mutation: You occasionally lose the ability to drink
                  | potions when taking damage. [Xom's mischief]
 43834 | Vaults:2 | Lost mutation: You are strong-willed. (Will+) [Xom's
                  | mischief]
 43858 | Vaults:2 | XOM: 2-stop teleportation journey
 43876 | Vaults:2 | XOM: 1-stop teleportation journey
 44104 | Vaults:2 | Found Igaadd's Armour Shop.
 44121 | Vaults:2 | XOM: noise
 44444 | Vaults:2 | XOM: silly message
 44488 | Vaults:2 | XOM: give mutations
 44488 | Vaults:2 | Lost mutation: You are robust. (+10% HP) [Xom's mischief]
 44488 | Vaults:2 | Lost mutation: You are covered in thick fur. (AC +2) [Xom's
                  | mischief]
 44488 | Vaults:2 | Lost mutation: You are covered in fur. (AC +1) [Xom's
                  | mischief]
 44488 | Vaults:2 | Gained mutation: You are vulnerable to heat. (rF-) [Xom's
                  | mischief]
 44562 | Vaults:3 | XOM: silly message
 44569 | Vaults:3 | Reached skill level 18 in Axes
 44576 | Vaults:3 | XOM: confusion (+ monsters)
 44577 | Vaults:3 | XOM: 2-stop teleportation journey
 44605 | Vaults:3 | XOM: give mutation
 44605 | Vaults:3 | Gained mutation: Armour fits poorly on your strangely
                  | shaped body. [Xom's mischief]
 44619 | Vaults:3 | XOM: blink monster(s)
 44643 | Vaults:3 | XOM: stat loss: -1 Dex (23/24)
 44649 | Vaults:3 | XOM: butterfly on damage
 44802 | Vaults:3 | XOM: enchant monster (bad)
 44957 | Vaults:3 | XOM: summons 3 friendly demons
 44960 | Vaults:3 | XOM: scenery: 1 doors open, 1 doors close
 45121 | Vaults:3 | XOM: silly message
 45222 | Vaults:3 | XOM: noise
 45234 | Vaults:3 | XOM: 6-stop teleportation journey
 45288 | Vaults:3 | Reached XP level 21. HP: 112/113 MP: 40/40
 45401 | Vaults:3 | Found a staircase to the Crypt.
 45446 | Vaults:3 | XOM: 1-stop teleportation journey
 45522 | Vaults:3 | XOM: summons 6 hostile demons
 45651 | Vaults:3 | XOM: repel stairs
 45660 | Vaults:3 | XOM: noise
 45864 | Vaults:4 | Noticed Bai Suzhen
 45880 | Vaults:4 | XOM: 2-stop teleportation journey
 46189 | Vaults:4 | Noticed Mara
 46198 | Vaults:4 | Killed Mara
 46282 | Vaults:4 | XOM: give mutations
 46282 | Vaults:4 | Gained mutation: Your system is resistant to poisons.
                  | (rPois) [Xom's mischief]
 46282 | Vaults:4 | Lost mutation: Your muscles are strong. (Str +4, Int/Dex
                  | -1) [Xom's mischief]
 46282 | Vaults:4 | Lost mutation: You are mostly covered in iridescent scales.
                  | (AC +4) [Xom's mischief]
 46283 | Vaults:4 | XOM: fog
 46298 | Vaults:4 | Killed Bai Suzhen
 46382 | Vaults:4 | XOM: polymorph vault sentinel -> black mamba
 46440 | Vaults:4 | XOM: enchant monster (good)
 46530 | Vaults:4 | Reached skill level 19 in Axes
 46531 | Vaults:4 | XOM: summons friendly ufetubus
 46534 | Vaults:4 | XOM: give mutation
 46534 | Vaults:4 | Gained mutation: You possess an exceptional clarity of
                  | mind. [Xom's grace]
 46540 | Vaults:4 | XOM: smoke on damage
 46546 | Vaults:4 | XOM: scenery: summon butterflies
 46552 | Vaults:4 | XOM: summons friendly chaos spawn
 46558 | Vaults:4 | Reached skill level 5 in Shapeshifting
 46788 | Vaults:4 | XOM: divination: magic mapping
 46827 | Vaults:4 | XOM: fog
 46920 | Vaults:5 | Entered Level 5 of the Vaults
 46922 | Vaults:5 | XOM: scenery: create altars
 46927 | Vaults:5 | XOM: summons 2 friendly demons
 46928 | Vaults:5 | XOM: give mutations
 46928 | Vaults:5 | Gained mutation: You have supernaturally acute eyesight.
                  | (SInv) [Xom's grace]
 46928 | Vaults:5 | Gained mutation: You heal very quickly. [Xom's grace]
 46934 | Vaults:5 | XOM: divination: detect items
 47057 | Vaults:5 | XOM: destruction
 47064 | Vaults:5 | XOM: potion effect (attraction)
 47092 | Vaults:4 | XOM: scenery: 1 doors open, 1 doors close
 47113 | Vaults:5 | XOM: summons friendly crimson imp
 47124 | Vaults:5 | XOM: summons 4 friendly demons
 47129 | Vaults:5 | XOM: cast spell 'Chain of Chaos'
 47136 | Vaults:5 | Reached XP level 22. HP: 111/121 MP: 36/41
 47146 | Vaults:5 | Reached skill level 15 in Fighting
 47156 | Abyss:2  | Cast into level 2 of the Abyss (hell knight)
 47159 | Abyss:2  | Found a corrupted altar of Lugonu.
 47193 | Abyss:2  | XOM: summons 2 hostile demons
 47219 | Abyss:2  | Found a corrupted altar of Lugonu.
 47226 | Abyss:2  | Found a corrupted altar of Lugonu.
 47230 | Abyss:2  | Found a corrupted altar of Lugonu.
 47316 | Vaults:5 | Escaped the Abyss
 47390 | Vaults:5 | XOM: confuse monster(s)
 47502 | Vaults:5 | Noticed a golden dragon
 47515 | Vaults:5 | Killed a golden dragon
 47667 | Vaults:5 | XOM: enchant monster (good)
 47788 | Vaults:5 | XOM: cast spell 'Leda's Liquefaction'
 47838 | Vaults:5 | XOM: 1-stop teleportation journey
 47844 | Vaults:5 | XOM: summons friendly iron imp
 47848 | Vaults:5 | XOM: summons 4 friendly demons
 47857 | Vaults:5 | XOM: potion effect (brilliance)
 47868 | Vaults:5 | XOM: enchant monster (good)
 47869 | Vaults:5 | XOM: summons 3 hostile shadow creatures
 47883 | Vaults:5 | XOM: enchant monster (good)
 47885 | Vaults:5 | XOM: confuse monster(s)
 47986 | Vaults:5 | Identified the +1 scale mail "Esseipul" {Contam rC+ Regen+}
 48010 | Vaults:5 | XOM: divination: detect items
 48095 | Vaults:5 | XOM: give mutation
 48095 | Vaults:5 | Lost mutation: You have supernaturally acute eyesight.
                  | (SInv) [Xom's mischief]
 48097 | Vaults:5 | Identified the +2 war axe "Ucovvuorr" {freeze, SInv}
 48106 | Vaults:5 | XOM: give mutations
 48106 | Vaults:5 | Lost mutation: You expend magic power (3 MP) to strengthen
                  | your wands. [Xom's mischief]
 48106 | Vaults:5 | Lost mutation: You have a pair of small horns on your head.
                  | [Xom's mischief]
 48106 | Vaults:5 | Lost mutation: Armour fits poorly on your strangely shaped
                  | body. [Xom's mischief]
 48106 | Vaults:5 | Gained mutation: You expend magic power (3 MP) to
                  | strengthen your wands. [Xom's mischief]
 48113 | Vaults:5 | XOM: swap monsters
 48153 | Vaults:5 | XOM: noise
 48168 | Vaults:5 | Reached skill level 20 in Axes
 48175 | Vaults:5 | Noticed a golden dragon
 48176 | Vaults:5 | XOM: swap monsters
 48183 | Vaults:5 | Killed a golden dragon
 48194 | Vaults:5 | Got a silver rune of Zot
 48216 | Vaults:5 | XOM: blink monster(s)
 48263 | Vaults:5 | XOM: give mutations
 48263 | Vaults:5 | Gained mutation: You have supernaturally acute eyesight.
                  | (SInv) [Xom's mischief]
 48263 | Vaults:5 | Lost mutation: Your system is resistant to poisons. (rPois)
                  | [Xom's mischief]
 48279 | Vaults:5 | XOM: blink monster(s)
 48337 | Vaults:5 | Identified the +0 leather armour "Wuanacw" {rN+++ Str+4}
 48395 | Vaults:5 | XOM: give mutations
 48395 | Vaults:5 | Lost mutation: You heal very quickly. [Xom's mischief]
 48395 | Vaults:5 | Gained mutation: You are strong-willed. (Will+) [Xom's
                  | mischief]
 48493 | Vaults:5 | Noticed Frederick
 48507 | Vaults:5 | Killed Frederick
 48521 | Vaults:5 | Identified the +0 whip "Legrotwi" {antimagic, Drain rN+
                  | Str+2}
 48575 | Vaults:5 | Identified the +5 rapier of the Endless Expanse {elec,
                  | rPois Dex+2}
 48577 | Vaults:5 | Got the Notes on Moving Rallying
 48596 | Vaults:5 | XOM: 4-stop teleportation journey
 48819 | Vaults:5 | XOM: give mutation
 48819 | Vaults:5 | Lost mutation: Your flesh is almost immune to the effects
                  | of cold. (rC+++) [Xom's mischief]
 48852 | Vaults:5 | XOM: give mutations
 48852 | Vaults:5 | Gained mutation: Armour fits poorly on your strangely
                  | shaped body. [Xom's mischief]
 48852 | Vaults:5 | Lost mutation: Armour fits poorly on your strangely shaped
                  | body. [Xom's mischief]
 48852 | Vaults:5 | Lost mutation: You are strong-willed. (Will+) [Xom's
                  | mischief]
 49263 | Elf:1    | Entered Level 1 of the Elven Halls
 49291 | Elf:1    | XOM: summons 6 friendly demons
 49293 | Elf:1    | XOM: potion effect (might)
 49353 | Elf:1    | XOM: divination: detect creatures
 49910 | Elf:1    | Reached XP level 23. HP: 129/129 MP: 42/42
 49975 | Elf:1    | Identified the +5 dagger "Navui" {drain, MP+9 Int+2}
 50208 | Elf:1    | XOM: silly message
 50398 | Elf:2    | XOM: noise
 50447 | Elf:2    | Paralysed by an air elemental for 1 turns
 50490 | Elf:2    | Identified the +2 robe "Nadwucec" {-Tele rElec Will+++
                  | Int-5}
 50562 | Elf:2    | XOM: divination: magic mapping
 50762 | Elf:2    | XOM: smoke on damage
 50777 | Elf:2    | Found a runed translucent gate.
 50779 | Elf:2    | Found a runed translucent gate.
 50784 | Elf:2    | Found a runed translucent gate.
 51026 | Elf:2    | Noticed Louise
 51043 | Elf:2    | Killed Louise
 51255 | Elf:2    | XOM: divination: detect items
 51398 | Elf:3    | Entered Level 3 of the Elven Halls
 51590 | Elf:3    | Found a radiant altar of Vehumet.
 51687 | Elf:3    | XOM: 3-stop teleportation journey
 51902 | Elf:3    | Reached skill level 10 in Armour
 51902 | Elf:3    | Identified the ring of Nokkue {Will+ Str+3}
 51904 | Elf:3    | XOM: confuse monster(s)
 51910 | Elf:3    | XOM: fog
 51922 | Elf:3    | XOM: divination: detect creatures
 51923 | Elf:3    | XOM: confuse monster(s)
 51925 | Elf:3    | Identified the staff of Responsibility {rCorr Earth}
 51936 | Elf:3    | XOM: cleaving
 51956 | Elf:3    | XOM: polymorph deep elf death mage -> stone giant
 51975 | Elf:3    | Identified the +2 flail of the Glowing Hero {flame, +Blink
                  | rF+ Stlth+}
 52061 | Elf:3    | Identified the ring "Joza" {rCorr Dex+3 Slay+2 Stlth+}
 52154 | Elf:3    | XOM: 2-stop teleportation journey
 52223 | Elf:3    | XOM: give mutations
 52223 | Elf:3    | Gained mutation: You are strong-willed. (Will+) [Xom's
                  | mischief]
 52223 | Elf:3    | Lost mutation: Your flesh is very cold resistant. (rC++)
                  | [Xom's mischief]
 52223 | Elf:3    | Lost mutation: You are somewhat resistant to both further
                  | mutation and mutation removal. [Xom's mischief]
 52334 | Elf:3    | Found Lasunej's Weapon Shoppe.
 52857 | Crypt:1  | Entered Level 1 of the Crypt
 53147 | Crypt:1  | Reached XP level 24. HP: 123/134 MP: 42/42
 53171 | Crypt:1  | XOM: summons 3 hostile demons
 53357 | Crypt:1  | XOM: smoke on damage
 53534 | Crypt:1  | XOM: silly message
 53934 | Crypt:2  | XOM: blink monster(s)
 54074 | Crypt:2  | XOM: swap monsters
 54185 | Crypt:2  | XOM: chaos upgrade
 54188 | Crypt:2  | XOM: silly message
 54190 | Crypt:2  | XOM: blink monster(s)
 54200 | Crypt:2  | XOM: noise
 54208 | Crypt:2  | XOM: 2-stop teleportation journey
 54212 | Crypt:2  | XOM: 2-stop teleportation journey
 54563 | Crypt:3  | Entered Level 3 of the Crypt
 54630 | Crypt:3  | XOM is BORED!
 54630 | Crypt:3  | XOM: swap monsters
 54654 | Crypt:3  | XOM: summons 13 friendly demons
 54799 | Crypt:3  | Identified the +6 tower shield of the Gate {rN+}
 54799 | Crypt:3  | Noticed Mennas
 54803 | Crypt:3  | XOM: noise
 54838 | Crypt:3  | XOM: divine lightning
 54858 | Crypt:3  | Killed Mennas
 54922 | Crypt:3  | XOM: confuse monster(s)
 54939 | Crypt:3  | Reached skill level 10 in Shapeshifting
 55172 | Crypt:3  | XOM: blink monster(s)
 55174 | Crypt:3  | XOM: confuse monster(s)
 55269 | Crypt:3  | Found a staircase to the Tomb.
 55504 | Crypt:3  | Noticed a curse toe
 55528 | Crypt:3  | XOM: divination: magic mapping
 55537 | Crypt:3  | XOM: divination: detect creatures
 55545 | Crypt:3  | Killed a curse toe
 55625 | Crypt:3  | Identified the +9 rapier "Dohum" {protect, +Blink Str+2}
 55626 | Crypt:3  | Identified the ring "Voloc" {rC+ Will+ rCorr Str+4 Int-2}
 55626 | Crypt:3  | Noticed a dread lich
 55630 | Crypt:3  | XOM: confuse monster(s)
 55631 | Crypt:3  | Killed a dread lich
 55638 | Crypt:3  | XOM: noise
 55647 | Crypt:3  | Identified the ring "Ogubotwa" {rF- rN+ Dex+3}
 55647 | Crypt:3  | Identified the ring of Zite {rPois rN+ Dex+2 Slay-6}
 55658 | Crypt:3  | Identified the +1 robe of Objectivity {Int+2}
 55878 | Vaults:4 | XOM: silly message
 56457 | Elf:3    | XOM: silly message
 56550 | Elf:1    | XOM: silly message
 56555 | Elf:1    | XOM: silly message
 56575 | Orc:2    | XOM: stat loss: -1 Str (22/23)
 56648 | D:10     | XOM: torment (97/137 hp)
 56742 | Lair:2   | XOM: smoke on damage
 56742 | Lair:2   | XOM: torment (96/137 hp)
 57008 | Swamp:3  | XOM: stat loss: -1 Dex (27/28)
 57151 | D:10     | XOM: god gift: pair of boots {god gift}
 57540 | Depths:3 | Noticed a caustic shrike
 57540 | Depths:3 | XOM: summons friendly quasit
 57555 | Depths:3 | Killed a caustic shrike
 57558 | Depths:3 | XOM: destruction
 57567 | Depths:3 | Reached skill level 1 in Maces & Flails
 57586 | Depths:3 | XOM: cast spell 'Alistair's Intoxication'
 57651 | Depths:3 | XOM: enchant monster (bad)
 57692 | Depths:3 | XOM: blink monster(s)
 57718 | Depths:3 | XOM: summons 2 friendly demons
 57755 | Depths:3 | Found a one-way gate to the infinite horrors of the Abyss.
 57770 | Depths:3 | XOM: confuse monster(s)
 57791 | Depths:2 | XOM: summons 3 friendly demons
 57918 | Depths:4 | Entered Level 4 of the Depths
 57941 | Depths:4 | Found Melum's Jewellery Shop.
 57942 | Depths:4 | Found Eloupote's Antique Weapon Boutique.
 57942 | Depths:4 | Found Pojar's Jewellery Shop.
 57943 | Depths:4 | XOM: enchant monster (good)
 57956 | Depths:4 | Reached XP level 25. HP: 135/142 MP: 40/42
 57966 | Depths:4 | Bought the ring "Irhes" {rElec rF+ MP+9} for 820 gold
                  | pieces
 57995 | Depths:4 | Found Kaufa's Antique Weapon Boutique.
 58244 | Depths:4 | XOM: scenery: 1 doors open, 1 doors close
 58453 | Depths:4 | XOM: fog
 58457 | Depths:4 | XOM: enchant monster (bad)
 58465 | Depths:4 | XOM: noise
 58539 | Depths:4 | Found Yrreppipt's Armour Shoppe.
 58561 | Depths:4 | XOM: 1-stop teleportation journey
 58734 | Depths:4 | XOM: give mutations
 58734 | Depths:4 | Gained mutation: You are dopey. (Int -2) [Xom's mischief]
 58734 | Depths:4 | Lost mutation: You expend magic power (3 MP) to strengthen
                  | your wands. [Xom's mischief]
 58768 | Depths:4 | Found a gate to the Realm of Zot.
 58770 | Depths:4 | XOM: silly message
 58808 | Depths:4 | XOM: give mutations
 58808 | Depths:4 | Gained mutation: Your muscles are strong. (Str +4, Int/Dex
                  | -1) [Xom's mischief]
 58808 | Depths:4 | Gained mutation: Your body sometimes deteriorates upon
                  | taking damage. [Xom's mischief]
 58808 | Depths:4 | Lost mutation: You are strong-willed. (Will+) [Xom's
                  | mischief]
 58808 | Depths:4 | Gained mutation: Your magical capacity is low. (-10% MP)
                  | [Xom's mischief]
 58940 | Depths:4 | Found an ornate altar of the Wu Jian Council.
 59003 | Depths:4 | XOM: silly message
 59213 | Zot:1    | Entered Level 1 of the Realm of Zot
 59346 | Zot:1    | XOM: summons 8 hostile demons
 59350 | Zot:1    | XOM: give mutations
 59350 | Zot:1    | Gained mutation: You have a pair of small antennae on your
                  | head. [Xom's mischief]
 59350 | Zot:1    | Lost mutation: You are vulnerable to heat. (rF-) [Xom's
                  | mischief]
 59352 | Zot:1    | XOM: chaos upgrade
 59467 | Zot:1    | XOM: summons 5 friendly demons
 59548 | Zot:1    | XOM: scenery: 2 fountains blood, 3 doors close
 59754 | Zot:1    | Reached skill level 15 in Armour
 60082 | Zot:1    | XOM: smoke on damage
 60282 | Zot:2    | XOM: divination: detect creatures
 60283 | Zot:2    | XOM: potion effect (might)
 60326 | Zot:2    | XOM: summons friendly ice devil
 60327 | Zot:2    | XOM: enchant monster (good)
 60383 | Zot:2    | XOM: scenery: 2 doors open
 60540 | Zot:2    | XOM: give mutations
 60540 | Zot:2    | Gained mutation: You are mostly covered in iridescent
                  | scales. (AC +4) [Xom's grace]
 60540 | Zot:2    | Gained mutation: Your movements are slightly less
                  | encumbered by armour. (ER -2) [Xom's grace]
 60695 | Zot:2    | Reached skill level 5 in Maces & Flails
 60913 | Zot:2    | XOM: scenery: 2 doors close
 60917 | Zot:2    | XOM: god gift: amulet of the acrobat
 60921 | Zot:2    | XOM: scenery: 2 doors close
 61117 | Zot:2    | XOM: cloud trail
 61193 | Zot:2    | XOM: give mutations
 61193 | Zot:2    | Gained mutation: You are agile. (Dex +4, Str/Int -1) [Xom's
                  | grace]
 61193 | Zot:2    | Gained mutation: You are strong-willed. (Will+) [Xom's
                  | grace]
 61193 | Zot:2    | Gained mutation: You have sharp toenails. [Xom's grace]
 61193 | Zot:2    | Gained mutation: You are robust. (+10% HP) [Xom's grace]
 61253 | Zot:3    | XOM: summons friendly white imp
 61261 | Zot:3    | XOM: silly message
 61475 | Zot:3    | XOM: divination: detect creatures
 61476 | Zot:3    | XOM: potion effect (invisibility)
 61577 | Zot:3    | XOM: noise
 61613 | Zot:3    | XOM: divination: detect items
 61695 | Zot:3    | Reached XP level 26. HP: 161/161 MP: 38/38
 61766 | Zot:3    | Noticed an orb of fire
 61774 | Zot:3    | XOM: divination: detect creatures
 61779 | Zot:3    | Killed an orb of fire
 61806 | Zot:3    | XOM: divination: detect creatures
 61875 | Zot:3    | XOM: enchant monster (good)
 61892 | Zot:3    | XOM: cast spell 'Olgreb's Toxic Radiance'
 61921 | Zot:3    | XOM: 1-stop teleportation journey
 61932 | Zot:3    | XOM: divination: detect items
 62020 | Zot:3    | XOM: silly message
 62109 | Zot:3    | Noticed an orb of fire
 62119 | Zot:3    | XOM: summons 13 friendly demons
 62126 | Zot:3    | XOM: noise
 62134 | Zot:3    | Killed an orb of fire
 62508 | Zot:4    | Noticed Vv
 62510 | Zot:4    | XOM: summons 4 friendly demons
 62520 | Zot:4    | XOM: summons friendly white imp
 62523 | Zot:4    | HP: 1/161 [purple draconian shifter/bolt of dispelling
                  | energy (16)]
 62535 | Zot:4    | HP: 5/161 [death cob (8)]
 62538 | Zot:4    | Noticed Grunn
 62539 | Zot:4    | XOM: cast spell 'Monstrous Menagerie'
 62541 | Zot:4    | Killed from afar by a quicksilver dragon

Illustrated notes

Levels and vault maps discovered:
D:1:      dpeg_arrival_stone_temple_mockup, layout_rooms
D:2:      layout_basic, uniq_jessica
D:3:      layout_loops_ring, gammafunk_ghost_cemetery, st_stairs_2,
          uniq_sigmund, uniq_grinder, uniq_natasha
D:4:      layout_loops_ring, uniq_crazy_yiuf_cottage
D:5:      layout_basic, mainiacjoe_overflow_surrounded_room, marbit_many_paths,
          minmay_temple_entry_statues, chequers_serial_rivers_micro_b,
          chequers_garden, uniq_blork_the_orc
D:6:      layout_loops_corners, ebering_ghost_reflecting_pool, uniq_edmund
D:7:      layout_cave_pods, enter_bailey_4, kb_lookout_dungeons_type,
          dreamdust_mushroom_princess, kennysheep_minor_cross,
          chequers_serial_rivers_large_a, kennysheep_generic_room_3
D:8:      layout_gridville, makhleb_grotto_becter, serial_demonic,
          serial_demonic_e, serial_demonic_d, serial_demonic_e,
          serial_demonic_c, uniq_maggie
D:9:      layout_irregular_city, nicolae_elyvilon_temple_path,
          lemuel_zombie_altar_kikubaaqudgha, david_lair_shrubbed
D:10:     layout_basic, david_orc_4, amcnicky_mini_pool_small, uniq_nergalle,
          uniq_erolcha
D:11:     layout_roguey, nicolae_figureground_sparkle
D:12:     layout_long_grid, serial_shops, shop, uniq_frances, uniq_rupert,
          uniq_maurice
D:13:     layout_rooms, david_vaults_5
D:14:     layout_roguey, nicolae_ru_path_of_blood
D:15:     hangedman_depths_entry_try_elsewhere_first, layout_small_grid,
          chequers_big_river, nrook_mini_backslash,
          eat_drink_and_be_merry_uskayaw
Lair:1:   layout_gridlike, grunt_megastairs_2, uniq_sonja
Lair:2:   layout_regular_city, nicolae_spider_entry_tight_spaces,
          infiniplex_staircase_pool, grunt_megastairs_4
Lair:3:   layout_regular_city, skrybe_swamp_entry_bodies,
          grunt_forest_stairs_clearing, grunt_megastairs_3, uniq_amaemon
Lair:4:   layout_gridlike, slime_entry_1, special_room [special_room_bee],
          roderic_carrion_pond
Lair:5:   gammafunk_lair_ancient_temple, layout_cellular_growth, uniq_nessos
Swamp:1:  layout_basic_swamp, evilmike_swamp_ruin_rubble_1, uniq_jorgrun
Swamp:2:  layout_basic_swamp, hangedman_swamp_ruin_wall,
          nicolae_swamp_catching_bugs, uniq_mlioglotl, uniq_nikola
Swamp:3:  layout_falls_marsh, evilmike_swamp_ruin_house_2, swamp_pool3
Swamp:4:  swamp_icy, layout_basic_swamp
Spider:1: layout_spider_delve
Spider:2: layout_spider_delve, portal_ice_cave_entry_ugly_swarm
Spider:3: layout_chambers
Spider:4: spider_rune_water, nicolae_spider_bzzzt
Orc:1:    cheibrodos_orc_bank, layout_caves
Orc:2:    st_orc_ogre_mass, layout_caves, serial_shops,
          nicolae_shop_statue_plus, shop,
          nicolae_shop_temple_entry_statues_fountains
Elf:1:    minmay_elf_crystal_pentagon, layout_gridlike,
          hangedman_elven_crosses_minicolossus, nicolae_elf_glassroom_feature
Elf:2:    elven_hall_of_blades_hangedman_original
          [nicolae_vaults_blade_armed_guards], layout_loops_corners, uniq_louise
Elf:3:    grunt_elf_hall_branching, layout_loops_corners, serial_shops, shop,
          basic_altar
Vaults:1: nicolae_vaults_trapezoid_2, nicolae_vaults_little_squares_4,
          grunt_vaults_funnel, hangedman_vaults_river_flow,
          vaults_room_mumra_shop_pool, ontoclasm_vaults_fault,
          hangedman_vaults_cutoff, hangedman_vaults_slice, v_misc_12,
          nicolae_vaults_double_plus_3, nicolae_vaults_heart-shaped_vault,
          vaults_dpeg_hooks, vaults_mumra_chevron, nicolae_vaults_tetromino_T_1,
          nicolae_vaults_tetromino_L_2, layout_vaults_omnibox, serial_shops,
          shop
Vaults:2: nicolae_vaults_closet_pinwheel_3, nicolae_vaults_oval_intersection,
          hangedman_vaults_trim, vaults_room_hallway, vaults_dpeg_spiral,
          nicolae_vaults_taking_the_gang_shopping, nicolae_vaults_six-pack,
          nicolae_vaults_heart-shaped_vault, layout_vaults_omnigrid,
          serial_shops, shop
Vaults:3: minmay_crypt_entry_simple_statues, v_misc_18, v_alt_pattern_6,
          hangedman_vaults_trim, nicolae_vaults_mitosis,
          nicolae_vaults_specimen_jars, nicolae_vaults_big_ls,
          special_room_vaults [special_room_orc], nicolae_vaults_apartment_1,
          vaults_dpeg_encased_lava, nicolae_vaults_network_periphery,
          nicolae_vaults_tetromino_L_2, nicolae_vaults_gold_heap,
          vaults_room_fancy_cross, nicolae_vaults_double_plus_1,
          layout_vaults_omnicross
Vaults:4: v_pattern_4, v_misc_17, hangedman_vaults_unwind,
          vaults_mumra_minichess, v_rooms_6,
          nicolae_vaults_door_testing_chamber, v_alt_pattern_4,
          vaults_room_corners, nicolae_vaults_inception_scallops,
          layout_vaults_maze_bifur, uniq_mara, uniq_bai_suzhen
Vaults:5: serial_shops, uniq_frederick
Crypt:1:  layout_basic, grunt_crypt_arrival_split
Crypt:2:  layout_regular_city
Crypt:3:  david_glass_crypt, layout_basic,
          nicolae_tomb_entry_unfolded_pyramid_diagonal, st_stairs_1,
          minivault_23, uniq_mennas
Depths:1: layout_twisted_cross, hellmouth_2, serial_shops, shop_coins,
          grunt_pan_entry_in_and_out, hangedman_decor_peaks_small,
          fiery_altar_vehumet
Depths:2: minmay_bloctagon, layout_honeycomb, enter_ziggurat_a,
          lemuel_crystal_altar, hell_entry, rand_demon_pan_entry_8,
          gammafunk_ghost_arena, infiniplex_staircase_pillars_2,
          uniq_enchantress
Depths:3: kennysheep_big_flooded_room, layout_gridlike, hellmouth_3,
          abyss_entry, dreamdust_wishing_well,
          infiniplex_staircase_split_hallway
Depths:4: grunt_zot_entry_pinwheel, layout_gridlike,
          hangedman_tar_grid_catacomb, nicolae_wu_jian_immortal_techniques,
          serial_shops, nicolae_diamond_shop, minmay_shoptagon
Zot:1:    kennysheep_oblong_rooms, layout_gridlike
Zot:2:    kennysheep_blocky_room, layout_gridlike, st_stairs_9,
          hangedman_zot_spectrum
Zot:3:    layout_misc_corridors, hangedman_snake_sidewinding, lemuel_elevator
Zot:4:    layout_onion_interference, lemuel_lich_library, uniq_grunn, uniq_vv

Skill      XL: |  1  2  3  4  5  6  7  8  9 10 11 12 13 14 15 16 17 18 19 20 21 22 23 24 25 26 |
---------------+-------------------------------------------------------------------------------+-----
Fighting       | 3 4 5 6 7 8 9 10 11 12 13 14 16 17 | 17.7
Spellcasting   | 1 2 3 4 6 7 8 9 10 11 12 13 14 | 14.1
Armour         | 2 3 4 5 6 7 8 9 10 13 16 17 | 17.2
Stealth        | 1 2 3 4 6 7 8 9 10 | 10.8
Long Blades    | 3 4 5 6 |  6.7
Dodging        | 1 2 3 4 5 6 7 |  7.3
Shields        | 1 2 3 4 6 7 8 9 10 11 | 11.5
Evocations     | 1 |  1.6
Polearms       | 3 7 10 12 14 | 14.5
Axes           | 6 10 13 15 17 18 19 20 | 20.9
Shapeshifting  | 1 4 5 6 8 10 11 | 11.9
Maces & Flails | 2 5 6 |  6.5

Action                     |  1- 3 |  4- 6 |  7- 9 | 10-12 | 13-15 | 16-18 | 19-21 | 22-24 | 25-27 || total
---------------------------+-------+-------+-------+-------+-------+-------+-------+-------+-------++-------
  Melee: Falchion          |    20 |    37 |   229 |     8 |       |       |       |       |       ||   294
         Bite              |     4 |     4 |    70 |    92 |   339 |   677 |   505 |   816 |   487 ||  2994
         Headbutt          |     2 |     4 |    46 |    52 |   193 |   341 |   286 |    70 |       ||   994
         Kick              |     1 |     9 |     6 |       |       |       |       |       |       ||    16
         Trident           |       |       |       |   392 |   789 |     6 |       |       |       ||  1187
         Broad axe         |       |       |       |       |   243 |  1555 |  1037 |  1583 |   815 ||  5233
  Evoke: Wand              |       |       |     2 |     6 |     3 |     2 |       |     5 |       ||    18
    Use: Scroll            |       |       |    12 |     1 |     8 |     9 |     2 |    18 |     7 ||    57
         Potion            |       |       |       |       |     2 |       |     3 |     2 |     1 ||     8
   Stab: Distracted        |       |     1 |     4 |       |     3 |     5 |     2 |     1 |     3 ||    19
         Sleeping          |       |     4 |    20 |    19 |    31 |    36 |    22 |       |       ||   132
         Confused          |       |       |       |       |    10 |     5 |     9 |    29 |       ||    53
         Held in net/web   |       |       |       |       |       |     1 |       |       |       ||     1
         Invisible         |       |       |       |       |       |       |     2 |       |     9 ||    11
         Petrifying        |       |       |       |       |       |       |       |       |     1 ||     1
 Armour: Leather armour    |     5 |     9 |    38 |       |       |       |       |       |       ||    52
         Ring mail         |       |       |     7 |       |       |       |       |       |       ||     7
         Ice dragon scales |       |       |       |   158 |   609 |   819 |   379 |    97 |       ||  2062
         Gold dragon scale |       |       |       |       |       |       |       |   355 |   367 ||   722
  Dodge: Dodged            |     7 |    20 |    79 |   127 |   452 |   767 |   351 |   210 |   146 ||  2159
  Block: Buckler           |     3 |     6 |   102 |   163 |   363 |   538 |   281 |   340 |       ||  1796
         Reflection        |       |       |       |       |       |       |       |    13 |     6 ||    19
         Tower shield      |       |       |       |       |       |       |       |   133 |   941 ||  1074

Table legend: (Time is in decaauts)
 A = Elapsed time spent in this place.
 B = Non-inter-level travel time spent in this place.
 C = Inter-level travel time spent in this place.
 D = Time resting spent in this place.
 E = Time spent auto-exploring this place.
 F = Levels seen in this place.
 G = Mean time per level.
                   A        B        C        D        E       F      G
               +--------+--------+--------+--------+--------+-----+--------+
         Total |  60443 |  55238 |   5205 |  15703 |  29673 |  52 | 1162.4 |
       Dungeon |  26115 |  23995 |   2120 |  13171 |   8361 |  15 | 1741.0 |
          Lair |   5255 |   4755 |    500 |    561 |   3203 |   5 | 1051.0 |
         Swamp |   2917 |   2645 |    272 |    311 |   1624 |   4 |  729.2 |
   Spider Nest |   4408 |   4166 |    242 |    372 |   2864 |   4 | 1102.0 |
  Orcish Mines |   1021 |    736 |    285 |      0 |    513 |   2 |  510.5 |
   Elven Halls |   3276 |   2917 |    359 |      0 |   2305 |   3 | 1092.0 |
        Vaults |   6425 |   5722 |    703 |    572 |   3799 |   5 | 1285.0 |
         Crypt |   2759 |   2474 |    285 |     27 |   1859 |   3 |  919.7 |
        Depths |   3855 |   3533 |    322 |    320 |   2406 |   4 |  963.8 |
           Zot |   3100 |   2988 |    112 |    141 |   2173 |   4 |  775.0 |
         Abyss |    139 |    139 |      0 |     22 |      2 |   1 |  139.0 |
        Bailey |    325 |    325 |      0 |     20 |    170 |   1 |  325.0 |
      Ice Cave |    842 |    842 |      0 |    185 |    390 |   1 |  842.0 |
               +--------+--------+--------+--------+--------+-----+--------+

Top non-repeatable levels by time:
     D:1: 9458 daAuts
     D:4: 4216 daAuts
Spider:4: 1688 daAuts
Vaults:4: 1662 daAuts
     D:6: 1405 daAuts
Vaults:3: 1372 daAuts
    D:15: 1310 daAuts
  Lair:3: 1240 daAuts
Depths:4: 1229 daAuts
Spider:3: 1208 daAuts
    D:10: 1207 daAuts
Vaults:2: 1194 daAuts
Depths:2: 1177 daAuts
Vaults:5: 1173 daAuts
   Elf:3: 1161 daAuts
